 Dungeon Crawl Stone Soup version 0.32-a0-876-gcfddb08e57 (webtiles) character file.

Game seed: 9494664327524186082

19035424 gameguard the Englaciator (level 27, 260/260 HPs)
             Began as a Demonspawn Ice Elementalist on Apr 1, 2024.
             Was the Champion of Cheibriados.
             Escaped with the Orb
             ... and 15 runes
             ... and 2 gems!
             The game lasted 06:12:53 (81515 turns).

gameguard the Englaciator (DsIE)                   Turns: 81515, Time: 06:12:54

Health: 260/260    AC: 40    Str: 23 (24) XL:     27
Magic:  49/49      EV: 29    Int: 49      God:    Cheibriados [******]
Gold:   3060       SH: 44    Dex: 36      Spells: 15/70 levels left

rFire   + + +        a - staff "Hitemp" {rPois rC+ Stlth+ Summ Necro Ice}
rCold   + + +        g - +8 tower shield {AC+3}
rNeg    + + +        I - +3 ice dragon scales
rPois   ∞            (helmet unavailable)
rElec   +            e - +1 cloak of Compassion {rF+ Str+3 Int+3}
rCorr   +            R - +2 pair of gloves
SInv    .            V - +1 pair of boots {Stlth+}
Will    ++++.        n - amulet of Vitality {Regen++ RegenMP++}
Stlth   +++          Q - ring of Lausac {rPois Will+ rCorr Str-3 Dex+5}
HPRegen 3.03/turn    P - ring of Gathrock {Fly rC+ rN+ Str+3 Int+6}
MPRegen 1.11/turn

%: no passive effects
@: death-form, flying, wreathed by umbra, very slow
A: vile attack, torment immunity, no potions, horns 3, thin metallic scales 3,
icemail 2, black mark, condensation shield, bedeviling, aura of silence, foul
shadow 3, large bone plates 1, clever 1, regeneration 1, robust 1
0: Orb of Zot
}: 15/15 runes: decaying, slimy, silver, golden, iron, obsidian, icy, bone,
abyssal, demonic, glowing, magical, fiery, dark, gossamer
a: Siphon Essence, Begin Untransformation, Renounce Religion, Bend Time,
Temporal Distortion, Slouch, Step From Time


You escaped.
You worshipped Cheibriados.
Cheibriados was exalted by your worship.
You were an undying horror.
You visited 18 branches of the dungeon, and saw 88 of its levels.
You visited Pandemonium 1 time, and saw 12 of its levels.
You visited the Abyss 1 time.
You visited 1 bazaar.
You also visited: Trove, Bailey and Ice Cave.

You collected 12219 gold pieces.
You spent 9159 gold pieces at shops.

Inventory:

Hand Weapons
 b - a +9 demon whip of venom
Missiles
 M - 10 curare-tipped darts (quivered)
Armour
 e - the +1 cloak of Compassion (worn) {rF+ Str+3 Int+3}
   (You found it on level 5 of the Vaults)

   Str+3:     It affects your strength (+3).
   Int+3:     It affects your intelligence (+3).
   rF+:       It protects you from fire.
 g - a +8 tower shield of protection (worn)
 I - +3 ice dragon scales (worn)
 R - a +2 pair of gloves (worn)
 V - a +1 pair of boots of stealth (worn)
Magical Staves
 a - the staff "Hitemp" (weapon) {rPois rC+ Stlth+ Summ Necro Ice}
   (You found it on level 2 of the Crypt)

   [staff of cold]

   Base accuracy: +5 Base damage: 5 Base attack delay: 1.2 This weapon's minimum
   attack delay (0.6) is reached at skill level 12.
   rC+:       It protects you from cold.
   rPois:     It protects you from poison.
   Stlth+:    It makes you more stealthy.
   Summ:      It increases the power of your Summonings spells.
   Necro:     It increases the power of your Necromancy spells.
   Ice:       It increases the power of your Ice spells.
   It falls into the 'Staves' category.
   It is a one-handed weapon.
Jewellery
 i - the ring of Kaiwnoc {Wiz Will+ Slay+2}
   (You found it on level 5 of the Pits of Slime)

   [ring of wizardry]

   Wiz:       It improves your spell success rate.
   Slay+2:    It affects your accuracy & damage with ranged weapons and melee
   (+2).
   Will+:     It increases your willpower.
 n - the amulet of Vitality (around neck) {Regen++ RegenMP++}
   (You found it on level 3 of the Elven Halls)

   [amulet of nothing]

   Regen++:   It increases your rate of health regeneration.
   RegenMP++: It increases your rate of magic regeneration.
 z - the ring "Josahots" {rF+ rN+ Will+}
   (You found it on level 5 of the Pits of Slime)

   [ring of protection from fire]

   rF+:       It protects you from fire.
   rN+:       It protects you from negative energy.
   Will+:     It increases your willpower.
 O - the ring of Nefosmal {*Corrode Int+3 SInv Stlth+}
   (You found it on level 3 of the Elven Halls)

   [ring of see invisible]

   Int+3:     It affects your intelligence (+3).
   SInv:      It lets you see invisible.
   *Corrode:  It may corrode you when you take damage.
   Stlth+:    It makes you more stealthy.
 P - the ring of Gathrock (right hand) {Fly rC+ rN+ Str+3 Int+6}
   (You found it on level 2 of the Depths)

   [ring of intelligence]

   Str+3:     It affects your strength (+3).
   Int+6:     It affects your intelligence (+6).
   rC+:       It protects you from cold.
   rN+:       It protects you from negative energy.
   Fly:       It grants you flight.
 Q - the ring of Lausac (left hand) {rPois Will+ rCorr Str-3 Dex+5}
   (You acquired it on level 5 of the Lair of Beasts)

   [ring of willpower]

   Str-3:     It affects your strength (-3).
   Dex+5:     It affects your dexterity (+5).
   rPois:     It protects you from poison.
   Will+:     It increases your willpower.
   rCorr:     It protects you from acid and corrosion.
Talismans
 U - the death talisman of Darkness (active) {rElec rF+++ Str-2 Int-5}
   (You found it on level 7 of Gehenna)

   [talisman of death]

   Str-2:     It affects your strength (-2).
   Int-5:     It affects your intelligence (-5).
   rF+++:     It renders you almost immune to fire.
   rElec:     It insulates you from electricity.
Wands
 m - a wand of digging (24)
 t - a wand of light (11)
 x - a wand of charming (97)
 G - a wand of iceblast (50)
 W - a wand of mindburst (98)
Scrolls
 k - 9 scrolls of immolation
 u - 17 scrolls of blinking
 v - 9 scrolls of fog
 y - 5 scrolls of fear
 A - 14 scrolls of vulnerability
 C - 8 scrolls of summoning
 D - 5 scrolls of teleportation
 S - 6 scrolls of silence
 T - 5 scrolls of amnesia
 X - 5 scrolls of revelation
Potions
 c - 7 potions of ambrosia
 f - 8 potions of lignification
 h - 23 potions of curing
 j - 9 potions of attraction
 l - 4 potions of berserk rage
 o - 4 potions of magic
 r - 5 potions of brilliance
 B - 13 potions of might
 E - 12 potions of heal wounds
 F - 6 potions of mutation
 K - 7 potions of resistance
 N - 11 potions of enlightenment
 Z - 6 potions of invisibility
Miscellaneous
 d - a lightning rod (4/4)
 p - the horn of Geryon
 q - a figurine of a ziggurat
 w - a phantom mirror
 H - a condenser vane
 J - a Gell's gravitambourine (2/2)


   Skills:
 + Level 23.7 Fighting
 - Level 10.1(12.0) Maces & Flails
 - Level 10.2(12.0) Staves
 - Level 2.0 Ranged Weapons
 - Level 12.0 Armour
 + Level 18.0 Dodging
 - Level 6.0 Stealth
 + Level 21.5 Shields
 + Level 22.4 Spellcasting
 - Level 4.0 Conjurations
 - Level 5.0 Hexes
 - Level 5.0 Summonings
 - Level 3.0 Necromancy
 - Level 6.0 Translocations
 O Level 27 Ice Magic
 - Level 6.0 Air Magic
 - Level 10.0 Earth Magic
 - Level 3.0 Alchemy
 - Level 14.0 Invocations
 - Level 15.0 Evocations
 - Level 23.0 Shapeshifting


You had 15 spell levels left.
You knew the following spells:

 Your Spells              Type           Power      Damage    Failure   Level
a - Lesser Beckoning      Tloc           100%       N/A       1%          2
b - Fugue of the Fallen   Necr           91%        N/A       1%          3
d - Ozocubu's Refrigerat  Ice            85%        4d26      0%          7
e - Summon Ice Beast      Ice/Summ       100%       N/A       0%          3
f - Permafrost Eruption   Ice/Erth       75%        2x4d16    1%          6
g - Polar Vortex          Ice            85%        12d11*    1%          9
l - Blink                 Tloc           100%       N/A       1%          2
q - Apportation           Tloc           100%       N/A       1%          1
r - Summon Lightning Spi  Summ/Air       100%       N/A       1%          4
t - Lee's Rapid Deconstr  Erth           50%        3d24*     1%          5
v - Ozocubu's Armour      Ice            100%       N/A       0%          3
w - Sculpt Simulacrum     Ice/Alch       70%        N/A       1%          6
z - Vhi's Electric Charg  Tloc/Air       100%       N/A       1%          4

Your spell library contained the following spells:

 Spells                   Type           Power      Damage    Failure   Level
 Freeze                   Ice            100%       1d10      0%          1
 Ensorcelled Hibernation  Hex/Ice        100%       N/A       0%          2
 Frozen Ramparts          Ice            100%       1d16      0%          3
 Hailstorm                Conj/Ice       100%       3d16      0%          3
 Kiss of Death            Conj/Necr      100%       2d13      1%          1
 Magic Dart               Conj           100%       1d8       1%          1
 Necrotise                Necr           100%       1d9       1%          1
 Slow                     Hex            100%       N/A       1%          1
 Sting                    Conj/Alch      100%       1d9       1%          1
 Summon Small Mammal      Summ           100%       N/A       1%          1
 Call Imp                 Summ           100%       N/A       1%          2
 Cigotuvi's Dreadful Rot  Necr/Alch/Air  100%       N/A       1%          2
 Jinxbite                 Hex            100%       N/A       1%          2
 Mercury Vapours          Alch/Air       100%       N/A       1%          2
 Momentum Strike          Conj/Tloc      100%       3d10      1%          2
 Scorch                   Fire           100%       2d9       1%          2
 Searing Ray              Conj           100%       2d8       1%          2
 Sublimation of Blood     Necr           91%        N/A       1%          2
 Call Canine Familiar     Summ           100%       N/A       1%          3
 Confusing Touch          Hex            100%       N/A       1%          3
 Dazzling Flash           Conj/Hex       100%       N/A       1%          3
 Inner Flame              Hex/Fire       88%        N/A       1%          3
 Mephitic Cloud           Conj/Alch/Air  78%        N/A       1%          3
 Passwall                 Erth           100%       N/A       1%          3
 Sigil of Binding         Hex            100%       N/A       1%          3
 Stone Arrow              Conj/Erth      100%       3d13      1%          3
 Swiftness                Air            85%        N/A       1%          3
 Teleport Other           Tloc           85%        N/A       1%          3
 Tukima's Dance           Hex            100%       N/A       1%          3
 Vampiric Draining        Necr           91%        2d12      1%          3
 Volatile Blastmotes      Fire/Tloc      100%       2d18      1%          3
 Anguish                  Hex/Necr       59%        N/A       1%          4
 Animate Armour           Summ/Erth      100%       N/A       1%          4
 Cause Fear               Hex            51%        N/A       1%          4
 Dimensional Bullseye     Hex/Tloc       52%        N/A       1%          4
 Iskenderun's Mystic Bla  Conj/Tloc      81%        2d16      (+2d91%     4
 Leda's Liquefaction      Alch/Erth      43%        N/A       1%          4
 Martyr's Knell           Necr/Summ      100%       N/A       1%          4
 Maxwell's Portable Pile  Tloc           85%        2d(18-35) 1%          4
 Petrify                  Alch/Erth      87%        N/A       1%          4
 Borgnjor's Vile Clutch   Necr/Erth      54%        N/A       1%          5
 Freezing Cloud           Conj/Ice/Air   66%        6-21      1%          5
 Metabolic Englaciation   Hex/Ice        84%        N/A       1%          5
 Animate Dead             Necr           91%        N/A       2%          4
 Dispel Undead            Necr           91%        3d29      2%          4
 Fulminant Prism          Conj/Alch      36%        3d17      2%          4
 Olgreb's Toxic Radiance  Alch           71%        N/A       2%          4
 Silence                  Hex/Air        52%        N/A       2%          5
 Summon Forest            Summ/Tloc      52%        N/A       2%          5
 Summon Blazeheart Golem  Fire/Summ      88%        N/A       3%          4
 Arcjolt                  Conj/Air       40%        1d50      3%          5
 Summon Mana Viper        Hex/Summ       100%       N/A       3%          5
 Flame Wave               Conj/Fire      65%        2d15      4%          4
 Ignite Poison            Fire/Alch      63%        N/A       5%          4
 Sticky Flame             Fire/Alch      63%        2d11      5%          4
 Iskenderun's Battlesphe  Conj           76%        2d12      5%          5
 Yara's Violent Unravell  Hex/Alch       48%        3d19      5%          5
 Irradiate                Conj/Alch      36%        3d23      6%          5
 Alistair's Intoxication  Alch           47%        N/A       8%          5
 Curse of Agony           Necr           91%        N/A       8%          5
 Bombard                  Conj/Erth      44%        9d8       9%          6
 Fireball                 Conj/Fire      32%        3d14      12%         5
 Dispersal                Tloc           42%        N/A       13%         6
 Gell's Gavotte           Tloc           42%        2d(30-45) 13%         6
 Summon Cactus Giant      Summ           51%        N/A       19%         6
 Death Channel            Necr           45%        N/A       41%         6
 Eringya's Noxious Bog    Alch           35%        4d6       41%         6
 Plasma Beam              Fire/Air       35%        2x1d49    41%         6
 Starburst                Conj/Fire      32%        6d10      54%         6
 Malign Gateway           Summ/Tloc      52%        N/A       65%         7
 Enfeeble                 Hex            51%        N/A       71%         7
 Summon Hydra             Summ           51%        N/A       71%         7
 Spellforged Servitor     Conj/Summ      49%        N/A       78%         7
 Haunt                    Necr/Summ      59%        N/A       85%         7
 Orb of Destruction       Conj           38%        9d11      85%         7
 Lehudib's Crystal Spear  Conj/Erth      44%        10d11     98%         8
 Maxwell's Capacitive Co  Air            42%        ∞         99%         8
 Borgnjor's Revivificati  Necr           45%        N/A       100%        8
 Ignition                 Fire           26%        3d9       100%        8
 Infestation              Necr           45%        N/A       100%        8
 Summon Horrible Things   Summ           51%        N/A       100%        8
 Chain Lightning          Conj/Air       40%        3d54      100%        9
 Death's Door             Necr           45%        N/A       100%        9
 Dragon's Call            Summ           51%        N/A       100%        9
 Fire Storm               Conj/Fire      32%        8d8       100%        9
 Shatter                  Erth           50%        3d38*     100%        9


Dungeon Overview and Level Annotations

Branches:
Dungeon (15/15)            Temple (1/1) D:5            Lair (5/5) D:9
  Swamp (4/4) Lair:2       Spider (4/4) Lair:2        Slime (5/5) Lair:4
    Orc (2/2) D:11            Elf (3/3) Orc:2        Vaults (5/5) D:13
  Crypt (3/3) Vaults:3       Tomb (3/3) Crypt:3      Depths (4/4) D:15
   Hell (visited)             Dis (7/7) Hell            Geh (7/7) Hell
    Coc (7/7) Hell            Tar (7/7) Hell            Zot (5/5) Depths:4
 Bailey (visited)           IceCv (visited)

Altars:
Ashenzari
Cheibriados
Dithmenos
Fedhas
Gozag
Hepliaklqana
Kikubaaqudgha
Makhleb
Nemelex Xobeh
Okawaru
Qazlal
Ru
Sif Muna
Trog
Uskayaw
Vehumet
Wu Jian
Xom
Yredelemnul
Beogh
Jiyva

Shops:
D:6 *   D:8 ?   D:11 [(([   Orc:1 *   Orc:2 *[:(   Elf:1 =:=[   Vaults:1 [*
Vaults:2 *   Vaults:3 [   Vaults:5 ?!!   Depths:1 :

Portals:
Hell: Depths:1 Depths:2 Depths:3 Depths:4
Abyss: Depths:3 Depths:4
Pandemonium: Depths:1 Depths:2
Ziggurat: Depths:2

Annotations:
D:6 1 runed translucent door, Crazy Yiuf
D:15 Roxanne
Vaults:3 2 runed translucent doors, Yhagabbo's ghost, adept DrCj
Zot:4 2 transporters


Innate Abilities, Weirdness & Mutations

You are an undying horror.
Your melee and unarmed attacks drain, slow and weaken victims.
You are immune to unholy pain and torment.
You cannot drink.
You are immune to poison.
You have a pair of large horns on your head.
You are completely covered in thin metallic scales. (AC +4, rElec)
A meltable icy envelope protects you from harm. (AC +8)
Your melee attacks may debilitate your foes.
A meltable shield of frost defends you. (SH +4)
Your hexes are more powerful.
You are surrounded by an aura of silence.
You are darkly shadowed, frequently releasing foul flame when damaged in melee.
You are partially covered in large bone plates. (SH +4)
Your mind is acute. (Int +4, Str/Dex -1)
Your natural rate of healing is unusually fast.
You are robust. (+10% HP)


Message History

The winds around you start to calm down.
You feel your willpower return. The winds around you calm down.
Magic restored.
There is a stone staircase leading up here.
You fly upwards.
There is a stone staircase leading down here.
A Tzitzimitl comes into view.
Casting: Polar Vortex (mildly dangerous; 1% risk of failure)
Confirm with . or Enter, or press ? or * to list all spells.
You feel a surge of power!
Bitter cold erupts, blasting rock from the ceiling!
The mass of rock misses the Tzitzimitl.
Piercing cold boils outward!
The piercing cold engulfs the Tzitzimitl!
The Tzitzimitl resists.
The Tzitzimitl is lightly wounded.
Casting: Permafrost Eruption (safe; 1% risk of failure)
Confirm with . or Enter, or press ? or * to list all spells.
You feel a surge of power!
Bitter cold erupts, blasting rock from the ceiling!
The mass of rock hits the Tzitzimitl!!
The Tzitzimitl is moderately wounded.
Piercing cold boils outward!
The piercing cold hits the Tzitzimitl.
The Tzitzimitl resists.
The Tzitzimitl is moderately wounded.
Casting: Permafrost Eruption (safe; 1% risk of failure)
Confirm with . or Enter, or press ? or * to list all spells.
You feel a surge of power!
A great freezing vortex appears around you.
You kill the Tzitzimitl!
Cheibriados appreciates the change of pace.
The winds around you start to calm down.
The winds around you calm down.
Magic restored.
There is an open door here.
There is an open door here.
There is a staircase leading out of the dungeon here.
Casting: Polar Vortex (mildly dangerous; 1% risk of failure)
Confirm with . or Enter, or press ? or * to list all spells.
You can't see any susceptible monsters within range! (Use Z to cast anyway.)
You have escaped!

......#~..#...#...#†..#
..#...#..P#...#...#..÷#
......##'###'###'###'##
......#...............#
......'.......##......#
...#..#...............#
##.#..##'###'###'###'##
#.....#...#...#..~#...#####
..#...#...#~..#.z.#P..#...#
..#...#################...#
........[.......# #.......#
........##......# ####...##
##..###...###...# ##.....##
##.÷# ###.###...# #....†..#
....# #...#...## #.......#
###.## ###......###.......#
###..######........##.....##


There were no monsters in sight!

Vanquished Creatures
  Cerebov (Pan)
  Antaeus (Coc:7)
  the Royal Jelly (Slime:5)
  Ereshkigal (Tar:7)
  Ignacio (Pan)
  Mnoleg (Pan)
  Gloorx Vloq (Pan)
  Lom Lobon (Pan)
  the Serpent of Hell (Coc:7)
  Khufu (Crypt:2)
  9 dread liches
  11 ancient liches
  6 orbs of fire
  Mennas (Pan)
  Dispater (Dis:7)
  3 juggernauts
  31 royal mummies
  Sojobo (Vaults:4)
  The ghost of Durufu the Impregnable, a veteran MiGl of Hepliaklqana (Crypt:2)
  Josephina (Zot:4)
  16 shard shrikes
  5 Killer Klowns (Zot:5)
  The ghost of Asesu the Invulnerable, a veteran AtFi of Beogh (Zot:4)
  22 caustic shrikes
  The ghost of Hali the Executioner, a veteran FoFi of Dithmenos (Crypt:2)
  Geryon (Hell)
  the Lernaean hydra (Swamp:4)
  4 curse toes
  Nikola (Swamp:1)
  Norris (Depths:3)
  The ghost of Neghedd the Devastator, a veteran GrEE of Lugonu (Crypt:2)
  The ghost of Vailuoroe the Devastator, a veteran GrEE of Lugonu (Crypt:2)
  25 bone dragons
  14 golden dragons
  4 iron giants
  2 profane servitors
  15 Tzitzimimeh
  The ghost of Dyigyrgh the Warrior, an adept GrFi of Cheibriados (Crypt:2)
  The ghost of Goociwk the Warrior, an adept GrFi of Cheibriados (Crypt:2)
  The ghost of Goociwk the Warrior, an adept GrFi of Cheibriados (Crypt:2)
  The ghost of Dyigyrgh the Warrior, an adept GrFi of Cheibriados (Crypt:2)
  13 Brimstone Fiends
  3 electric golems
  31 Ice Fiends
  4 pandemonium lords (Pan)
  Arachne (Spider:2)
  14 doom hounds
  2 walking crystal tomes (Depths:3)
  8 hellephants
  16 tentacled monstrosities
  10 liches
  The ghost of TacoSundae the End of an Era, an adept DsGl of Qazlal (Vaults:1)
  25 Orb Guardians (Zot:5)
  Asterion (Vaults:3)
  13 titans
  10 tainted leviathans
  21 Hell Sentinels
  21 searing wretches
  16 sphinxes
  A deep elf blademaster (Elf:3)
  21 Executioners
  7 quicksilver dragons
  7 death cobs
  A walking divine tome (Depths:3)
  7 tentacled starspawn
  8 acid blobs (Slime:5)
  A thorn hunter (Swamp:4)
  19 storm dragons
  35 ancient champions
  Gastronok (D:8)
  12 shadow dragons
  Donald (Swamp:1)
  4 narguns
  8 revenants
  Aizul (Swamp:1)
  13 tengu reavers
  7 demonspawn warmongers
  5 draconian monks
  5 draconian shifters
  12 azure jellies
  A draconian knight (Zot:3)
  13 frost giants
  8 rockslimes
  7 deep elf sorcerers
  9 quicksilver elementals
  10 protean progenitors
  35 fire giants
  A fenstrider witch (Swamp:3)
  19 vault wardens
  6 ghost moths
  Louise (Spider:3)
  2 emperor scorpions (Spider:4)
  15 ghouls
  7 iron dragons
  4 draconian scorchers
  39 balrugs
  A spectral caustic shrike (Tar:7)
  6 shard shrike simulacra
  2 spectral juggernauts
  6 deep elf elementalists
  5 curse skulls
  4 draconian stormcallers
  A spriggan defender (Depths:3)
  14 draconian annihilators
  6 demonspawn corrupters (Pan)
  A caustic shrike zombie (Crypt:3)
  A caustic shrike skeleton (Pan)
  2 orc warlords
  17 ironbound preservers
  14 cacodemons
  41 reapers
  28 very ugly things
  8 demonspawn blood saints (Pan)
  4 juggernaut skeletons
  9 quicksilver oozes
  7 broodmothers
  12 stone giants
  7 ironbound thunderhulks
  2 formless jellyfish (Vaults:4)
  6 deep elf death magi
  6 vampire knights
  12 bennus
  23 elemental wellsprings
  6 deep elf demonologists
  15 putrid mouths
  5 green draconians
  2 spectral titans
  24 war gargoyles
  4 black draconians
  3 eleionomae
  Nessos (D:15)
  4 demonspawn black suns (Pan)
  16 deep elf annihilators
  7 dire elephants
  7 purple draconians
  18 eidola
  9 red draconians
  2 bunyips
  8 white draconians
  8 lorocyprocas
  A merfolk javelineer (Abyss:5)
  5 spark wasps
  6 yellow draconians
  13 ettins
  9 blizzard demons
  13 wendigos
  12 green deaths
  A spectral quicksilver dragon (Tar:3)
  21 mummy priests
  The ghost of bakla the Skirmisher, a journeyman CoHu of Okawaru (Lair:2)
  12 jiangshi
  14 iron golems
  2 shambling mangroves
  3 crystal guardians (Abyss:5)
  The ghost of Skryme the Nimble, a journeyman DjHW of Ashenzari (D:11)
  A spectral iron giant (Tar:4)
  2 spectral spriggans
  A quicksilver dragon zombie (Crypt:3)
  9 deep elf high priests
  12 yaktaur captains
  8 entropy weavers
  8 fire dragons
  10 great orbs of eyes
  16 hydras
  33 vault guards
  11 caustic shrike simulacra
  A peacekeeper (Vaults:4)
  9 ice dragons
  8 salamander tyrants
  9 hell beasts
  5 ogre magi
  5 juggernaut simulacra
  2 ghost crabs
  5 rakshasas
  6 spriggan air magi
  2 alligators
  A satyr (Abyss:5)
  6 ironbound frosthearts
  7 radroaches
  A catoblepas (Lair:2)
  2 spriggan skeletons (Abyss:5)
  20 stokers
  2 merfolk aquamancers (Depths:2)
  3 boulder beetles
  5 jorogumos
  An Orb Guardian zombie (Crypt:2)
  4 centaur warriors
  41 dancing weapons
  17 two-headed ogres
  A spectral stone giant (Tar:1)
  4 death yaks (Lair:4)
  45 hell hogs
  3 death knights (Crypt:3)
  4 tengu warriors
  46 death scarabs
  5 orc high priests
  16 demonic crawlers
  12 deep troll earth magi
  A two-headed ogre (shapeshifter) (Vaults:5)
  7 spriggan berserkers
  3 spectral emperor scorpions (Pan)
  7 deep troll shamans
  7 vampire magi
  9 thrashing horrors
  11 crystal echidnas
  3 occultists
  23 soul eaters
  12 spriggans
  Nergalle (Orc:1)
  12 wretched stars
  14 deep elf knights
  59 sun demons
  A titan skeleton (Crypt:1)
  3 hellephant skeletons (Pan)
  8 skysharks
  8 pharaoh ants
  8 iron trolls
  A spectral anaconda (Tar:4)
  8 spatial maelstroms (Abyss:5)
  22 shadow wraiths
  15 sixfirhies
  39 skeletal warriors
  2 death drakes (Zot:5)
  58 deep trolls
  4 quicksilver dragon simulacra
  13 shadow demons
  A mana viper (shapeshifter) (Vaults:5)
  5 goliath frogs
  9 bog bodies
  A kraken simulacrum (Hell)
  7 lindwurms
  5 flayed ghosts
  6 arcanists
  5 glowing orange brains
  3 sun moths (Pan)
  3 anaconda zombies
  9 swamp dragons
  A spectral hydra (Tar:1)
  3 spriggan druids
  4 harpies (Vaults:1)
  2 steelbarb worms (Spider:2)
  18 deep elf pyromancers
  8 orb spiders
  5 spriggan simulacra
  8 deep elf archers
  3 obsidian bats
  2 alligator zombies
  22 phantasmal warriors
  7 orc knights
  An iron dragon zombie (Crypt:3)
  30 large abominations
  A tengu zombie (Crypt:3)
  9 thermic dynamos
  An obsidian statue (IceCv)
  A broodmother zombie (Crypt:1)
  16 ironbound convokers
  A will-o-the-wisp (Swamp:2)
  A stone giant zombie (Crypt:3)
  33 deep elf zephyrmancers
  6 manticores
  8 orc sorcerers
  18 wolf spiders
  7 necromancers
  2 fauns (shapeshifter)
  33 ugly things
  A salamander (shapeshifter) (Vaults:5)
  5 shining eyes
  8 cyclopes
  A moth of wrath (shapeshifter) (Depths:3)
  Maurice (Orc:1)
  A dire elephant zombie (Crypt:3)
  17 elephants (Lair:3)
  34 moths of wrath
  A manticore (shapeshifter) (Vaults:5)
  8 meliai
  A spectral centaur (Tar:1)
  3 worldbinders (Abyss:5)
  3 apocalypse crabs (Abyss:5)
  2 ice statues
  3 centaur zombies
  9 black mambas
  2 torpor snails
  2 guardian serpents
  A kobold blastminer (Orc:2)
  6 titan simulacra
  17 vault sentinels
  12 orange demons
  10 rust devils
  17 cane toads
  An eye of devastation (Slime:5)
  24 smoke demons
  An emperor scorpion simulacrum (Hell)
  3 gargoyles
  3 molten gargoyles (Hell)
  A red draconian zombie (Crypt:2)
  25 hellions
  An unseen horror (shapeshifter) (Abyss:5)
  A kobold demonologist (D:13)
  A purple draconian zombie (Crypt:2)
  Maggie (D:10)
  9 anaconda simulacra
  A dire elephant skeleton (Crypt:1)
  A rime drake (Lair:5)
  29 freezing wraiths
  2 bunyip simulacra
  3 efreet (Pan)
  7 komodo dragons
  4 golden dragon simulacra
  21 tormentors
  3 tengu conjurers
  13 ice devils
  Psyche (D:9)
  4 iron giant simulacra
  44 yaktaurs
  7 ancient zymes
  36 guardian mummies
  2 sea snake skeletons (Hell)
  4 silent spectres
  7 trolls
  A queen bee (Spider:4)
  3 harpy zombies
  2 red devils (Pan)
  A merfolk (shapeshifter) (Vaults:5)
  25 tarantellas
  A polar bear (Lair:2)
  6 tyrant leeches
  A spectral harpy (Tar:3)
  4 harpy skeletons
  3 hydra zombies
  4 wind drakes (Pan)
  25 blink frogs
  A shadow dragon simulacrum (Coc:1)
  8 hellwings (Pan)
  8 raiju (Abyss:5)
  15 hornets
  3 iron dragon simulacra
  2 hydra skeletons
  4 alligator simulacra (IceCv)
  4 dream sheep (Lair:4)
  A stone giant simulacrum (Coc:3)
  6 glass eyes
  63 slime creatures
  28 jumping spiders
  A centaur simulacrum (D:11)
  10 wyverns
  A jumping spider (shapeshifter) (Vaults:5)
  22 ynoxinuls
  An air elemental (Elf:1)
  Eustachio (D:6)
  A black mamba zombie (Tomb:2)
  17 culicivoras
  7 dire elephant simulacra
  2 shadows (D:11)
  A vampire (Abyss:5)
  25 starcursed masses
  6 water elementals
  9 wraiths
  12 small abominations
  7 basilisks
  An ettin skeleton (Tomb:3)
  11 humans
  37 yaks
  Grum (D:8)
  2 fire elementals
  10 ushabtiu
  9 golden eyes
  2 wargs
  52 redbacks
  A hog (shapeshifter) (Elf:1)
  20 neqoxecs
  6 vampire mosquitoes
  Menkaure (D:5)
  12 chaos spawn
  20 spatial vortices (Abyss:5)
  2 naga zombies (Crypt:3)
  A black draconian simulacrum (Zot:4)
  A swamp worm (shapeshifter) (Vaults:5)
  14 harpy simulacra
  A water nymph zombie (Crypt:1)
  A fire bat zombie (Crypt:2)
  3 hydra simulacra
  21 swamp worms
  4 acid dragons
  15 hell hounds
  3 moth of wrath simulacra (Zot:4)
  22 water moccasins
  Duvessa (D:6)
  A black bear (D:6)
  A hornet zombie (Crypt:1)
  A manticore zombie (Crypt:2)
  26 orc warriors
  11 swamp drakes
  2 ice beasts (D:6)
  9 laughing skulls
  3 sky beasts
  7 ogres
  6 ettin simulacra
  12 boggarts
  A swamp dragon skeleton (Crypt:1)
  15 wolves
  6 centaurs
  An elephant skeleton (Crypt:1)
  A phantom (D:7)
  11 kobold brigands
  Blork the orc (D:5)
  2 weeping skulls (Abyss:5)
  18 bullfrogs
  2 gnoll sergeants
  2 deep troll simulacra (IceCv)
  2 earth elementals
  2 naga simulacra
  3 scorpions
  34 wights
  8 wyvern skeletons (Crypt:3)
  A warg skeleton (Crypt:2)
  A polar bear zombie (Crypt:2)
  A shapeshifter zombie (Crypt:1)
  16 killer bees
  4 lindwurm simulacra (IceCv)
  4 spriggan zombies
  Dowan (D:6)
  A nameless horror (Lair:5)
  5 howler monkeys
  A bombardier beetle (D:5)
  3 electric eels
  A wolf skeleton (Crypt:1)
  2 jellies
  3 hounds
  A gnoll bouda (D:8)
  7 orc priests
  9 iguanas
  Ijyb (D:5)
  24 orc wizards
  14 hell rats (Hell)
  57 mummies
  20 gnolls
  10 adders
  A steam dragon zombie (Crypt:2)
  2 shadow imps
  5 white imps
  4 ufetubi
  4 ribbon worms
  2 dart slugs (D:2)
  64 orcs
  5 bats
  4 endoplasms
  5 giant cockroaches
  A gnoll zombie (Crypt:2)
  9 goblins
  7 hobgoblins
  3 quokkas
  8 ball pythons
  A ball python zombie (Crypt:2)
  3 frilled lizards
  24 kobolds
  6 rats
  9 aspiring fleshes
  6 ball lightnings (Pan)
  9 fire vortices (Pan)
  2 lurking horrors (Abyss:5)
  8 starspawn tentacles (Abyss:5)
3936 creatures vanquished.

Vanquished Creatures (collateral kills)
  Asmodeus (Geh:7)
  A golden dragon (Vaults:5)
  The ghost of Neghedd the Devastator, a veteran GrEE of Lugonu (Crypt:2)
  Jorgrun (D:12)
  3 Hell Sentinels (Pan)
  An emperor scorpion (Spider:4)
  An orc warlord (Orc:2)
  A cacodemon (Pan)
  An ironbound preserver (Vaults:3)
  A formless jellyfish (Vaults:4)
  A broodmother (Spider:4)
  An eleionoma (Swamp:3)
  2 bunyips (Swamp:1)
  2 dire elephants (Vaults:1)
  2 shambling mangroves (Swamp:4)
  A fire dragon (Depths:1)
  3 entropy weavers
  A great orb of eyes (Vaults:1)
  A catoblepas (Lair:5)
  2 hydras
  A boulder beetle (D:14)
  A death yak (Lair:4)
  2 orc high priests (Orc:2)
  A spriggan berserker (Depths:4)
  A sun demon (Pan)
  A sixfirhy (Pan)
  A spriggan druid (Swamp:4)
  An orb spider (Spider:4)
  3 bog bodies
  A steelbarb worm (Spider:3)
  An ironbound convoker (Vaults:1)
  A swamp dragon (Swamp:4)
  An orc knight (D:15)
  A deep elf pyromancer (D:13)
  4 wolf spiders
  A cyclops (Orc:1)
  2 ugly things
  2 elephants (Lair:3)
  A kobold blastminer (Orc:2)
  A meliai (Spider:4)
  7 black mambas
  3 cane toads
  2 torpor snails
  2 orange demons (Pan)
  A rime drake (Lair:5)
  A komodo dragon (Lair:5)
  A yaktaur (Vaults:1)
  An ice devil (Depths:1)
  4 trolls
  3 merfolk (D:13)
  A tyrant leech (Swamp:1)
  5 tarantellas (Spider:4)
  2 hornets (Lair:5)
  A dream sheep (Lair:4)
  6 blink frogs
  11 jumping spiders
  A slime creature (D:14)
  5 culicivoras
  A yak (Lair:5)
  A spriggan (Lair:3)
  2 wyverns (Lair:5)
  A warg (Orc:2)
  3 humans (D:13)
  8 redbacks
  2 vampire mosquitoes (D:11)
  A minotaur simulacrum (IceCv)
  Edmund (D:5)
  A swamp worm (Swamp:3)
  6 water moccasins (Lair:5)
  A swamp drake (Swamp:4)
  11 orc warriors (Orc:2)
  A kobold brigand (D:7)
  A bullfrog (Lair:1)
  2 electric eels (D:12)
  A howler monkey (D:13)
  9 orc priests (Orc:2)
  8 orc wizards (Orc:2)
  A gnoll (D:10)
  18 orcs
193 creatures vanquished.

Vanquished Creatures (others)
  A golden dragon (Zot:5)
  A fire giant (Geh:2)
  2 shard shrike simulacra
  A deep elf annihilator (Elf:3)
  A blizzard demon (Pan)
  4 caustic shrike simulacra
  3 juggernaut simulacra
  A stoker (Geh:7)
  A soul eater (Pan)
  An anaconda zombie (Hell)
  A quicksilver dragon simulacrum (Coc:5)
  3 spriggan simulacra
  A bog body (Swamp:1)
  A phantasmal warrior (Crypt:3)
  A smoke demon (Hell)
  An iron giant simulacrum (Coc:3)
  An anaconda simulacrum (Coc:5)
  Prince Ribbit (Bailey)
  A tarantella (Spider:4)
  An iron dragon simulacrum (Coc:3)
  A human (Depths:2)
  A neqoxec (Pan)
  2 harpy simulacra
  A hydra simulacrum (Coc:3)
  2 ettin simulacra
  A kobold brigand (D:9)
  A bullfrog (D:7)
  A naga simulacrum (Coc:3)
  A creeping inferno (Geh:7)
  8 foxfires (Swamp:2)
  A lurking horror (Abyss:5)
  5 starspawn tentacles (Abyss:5)
  5 tentacles (Hell)
58 creatures vanquished.

Grand Total: 4187 creatures vanquished

Notes
Turn   | Place    | Note
-------+----------+-------------------------------------------
     0 | D:1      | gameguard the Demonspawn Ice Elementalist began the quest
                  | for the Orb.
     0 | D:1      | Reached XP level 1. HP: 13/13 MP: 3/3
   473 | D:1      | Gained mutation: A meltable shield of frost defends you.
                  | (SH +4) [demonic ancestry]
   473 | D:1      | Reached XP level 2. HP: 20/20 MP: 1/5
   768 | D:1      | Reached skill level 4 in Ice Magic
   823 | D:2      | Reached skill level 1 in Fighting
  1234 | D:2      | Reached XP level 3. HP: 26/26 MP: 3/6
  1679 | D:2      | Reached XP level 4. HP: 32/32 MP: 3/7
  2194 | D:3      | Found a basalt altar of Yredelemnul.
  2244 | D:3      | Learned a level 3 spell: Frozen Ramparts
  2322 | D:3      | Identified the +0 leather armour "Qusoem" {Harm rN+}
  2366 | D:3      | Found a shimmering blue altar of Sif Muna.
  2826 | D:3      | Learned a level 3 spell: Summon Ice Beast
  3238 | D:4      | Reached skill level 5 in Ice Magic
  3238 | D:4      | Gained mutation: You are faintly shadowed, very rarely
                  | releasing foul flame when damaged in melee. [demonic
                  | ancestry]
  3238 | D:4      | Reached XP level 5. HP: 36/38 MP: 3/9
  3523 | D:4      | Learned a level 3 spell: Ozocubu's Armour
  4033 | D:5      | Entered Level 5 of the Dungeon
  4067 | D:5      | Gained mutation: You have a pair of small horns on your
                  | head. [demonic ancestry]
  4067 | D:5      | Reached XP level 6. HP: 27/44 MP: 0/11
  4183 | D:5      | Noticed Edmund
  4237 | D:5      | Noticed an orc warrior
  4254 | D:5      | Noticed Blork the orc
  4600 | D:5      | Reached skill level 1 in Summonings
  4717 | D:5      | Killed Edmund
  4718 | D:5      | Reached skill level 6 in Ice Magic
  4718 | D:5      | Reached skill level 1 in Evocations
  4718 | D:5      | Reached XP level 7. HP: 36/50 MP: 1/13
  4876 | D:5      | Killed Blork the orc
  4959 | D:5      | Noticed Ijyb
  4999 | D:5      | Found a staircase to the Ecumenical Temple.
  5007 | D:5      | Killed Ijyb
  5026 | Temple   | Entered the Ecumenical Temple
  5075 | Temple   | Became a worshipper of Cheibriados the Contemplative
  5326 | D:5      | Noticed Menkaure
  5338 | D:5      | Killed Menkaure
  5865 | D:6      | Reached XP level 8. HP: 58/58 MP: 6/14
  5978 | D:6      | Found Ludunuru's Neck Hole.
  6053 | D:6      | Reached skill level 7 in Ice Magic
  6057 | D:6      | Reached * piety under Cheibriados
  6074 | D:6      | Noticed Duvessa
  6180 | D:5      | Learned a level 2 spell: Jinxbite
  6238 | D:6      | Noticed Dowan
  6255 | D:6      | Killed Dowan
  6260 | D:6      | Killed Duvessa
  6261 | D:6      | Reached skill level 1 in Staves
  6435 | D:6      | Reached skill level 1 in Hexes
  6673 | D:6      | Noticed Eustachio
  6682 | D:6      | Reached skill level 5 in Spellcasting
  6684 | D:6      | Killed Eustachio
  6792 | D:6      | Found a runed translucent door.
  6793 | D:6      | Noticed Crazy Yiuf
  7098 | D:7      | Reached ** piety under Cheibriados
  7099 | D:7      | Reached XP level 9. HP: 49/65 MP: 7/16
  7100 | D:7      | Reached skill level 8 in Ice Magic
  7221 | D:7      | Found a flagged portal.
  7263 | Bailey   | Entered a bailey
  7297 | Bailey   | Reached skill level 1 in Invocations
  7299 | Bailey   | Reached skill level 1 in Shields
  7357 | Bailey   | Reached *** piety under Cheibriados
  7466 | Bailey   | Noticed Prince Ribbit
  7466 | Bailey   | Noticed a vault guard
  7469 | Bailey   | Your ally Prince Ribbit died
  7480 | Bailey   | Killed a vault guard
  7640 | D:7      | Gained mutation: You have a pair of horns on your head.
                  | [demonic ancestry]
  7640 | D:7      | Reached XP level 10. HP: 73/73 MP: 19/19
  7746 | D:7      | Reached skill level 9 in Ice Magic
  8175 | D:7      | Learned a level 4 spell: Cause Fear
  8176 | D:8      | Found Ludas's Magic Scroll Shop.
  8225 | D:8      | Bought a scroll of teleportation for 36 gold pieces
  8225 | D:8      | Bought a scroll of identify for 24 gold pieces
  8225 | D:8      | Bought a scroll of identify for 24 gold pieces
  8225 | D:8      | Bought a scroll of identify for 24 gold pieces
  8225 | D:8      | Bought a scroll of identify for 24 gold pieces
  8285 | D:8      | Noticed a two-headed ogre
  8295 | D:8      | Killed a two-headed ogre
  8296 | D:8      | Reached skill level 5 in Fighting
  8359 | D:8      | Reached **** piety under Cheibriados
  8362 | D:8      | Reached skill level 1 in Conjurations
  8627 | D:8      | Noticed Grum
  8633 | D:8      | Killed Grum
  8634 | D:8      | Reached skill level 5 in Evocations
  8921 | D:8      | Reached ***** piety under Cheibriados
  8925 | D:8      | Paralysed by a hornet for 2 turns
  9311 | D:8      | Noticed Gastronok
  9645 | D:9      | Noticed Psyche
  9647 | D:9      | Killed Psyche
  9648 | D:9      | Gained mutation: You are partially covered in thin metallic
                  | scales. (AC +2) [demonic ancestry]
  9648 | D:9      | Reached XP level 11. HP: 80/80 MP: 14/20
  9771 | D:9      | Found a staircase to the Lair.
  9823 | D:9      | Learned a level 4 spell: Summon Lightning Spire
 10121 | D:9      | Identified the +3 long sword "Dalo" {venom, rCorr Str+3
                  | Dex+3}
 10196 | D:9      | Noticed a two-headed ogre
 10205 | D:9      | Killed a two-headed ogre
 10323 | D:10     | Entered Level 10 of the Dungeon
 10431 | D:10     | Reached skill level 1 in Air Magic
 10435 | D:10     | Noticed Maggie
 10470 | D:10     | Killed Maggie
 10554 | D:10     | Identified the +3 war axe of Gozag's Outrage {venom, *Rage
                  | rF+ rCorr Int+2}
 10862 | D:10     | Found a stormy altar of Qazlal.
 11152 | D:11     | Reached skill level 5 in Shields
 11248 | D:11     | Reached skill level 5 in Invocations
 11305 | D:11     | Found a transporter.
 11305 | D:11     | Noticed a two-headed ogre
 11316 | D:11     | Killed a two-headed ogre
 11344 | D:11     | Noticed Skryme's ghost (journeyman DjHW)
 11415 | D:11     | Noticed a two-headed ogre
 11421 | D:11     | Killed a two-headed ogre
 11641 | D:11     | Found a staircase to the Orcish Mines.
 11641 | D:11     | Found Fitto's Armour Shoppe.
 11678 | D:11     | Found Talosext's Weapon Shoppe.
 11691 | D:11     | Noticed a two-headed ogre
 11704 | D:11     | Killed a two-headed ogre
 11883 | D:11     | Reached skill level 10 in Ice Magic
 11927 | D:11     | Found Erghoo's Weapon Shop.
 11944 | D:11     | Found Xigyo's Antique Armour Emporium.
 11952 | D:11     | Bought a pair of embroidered boots for 202 gold pieces
 11994 | D:11     | Found a transporter.
 12193 | D:11     | Noticed a two-headed ogre
 12202 | D:11     | Killed a two-headed ogre
 12425 | D:11     | Learned a level 2 spell: Mercury Vapours
 12501 | Lair:1   | Entered Level 1 of the Lair of Beasts
 12582 | Lair:1   | Reached skill level 1 in Armour
 12582 | Lair:1   | Reached XP level 12. HP: 89/89 MP: 15/22
 12652 | Lair:1   | Reached skill level 1 in Alchemy
 12772 | Lair:1   | Reached ****** piety under Cheibriados
 12896 | Lair:1   | Reached skill level 5 in Staves
 13832 | Lair:2   | Found a hole to the Spider Nest.
 13968 | Lair:2   | Found a staircase to the Swamp.
 14104 | Lair:2   | Found a transporter.
 14136 | Lair:2   | Found a transporter.
 14140 | Lair:2   | Noticed bakla's ghost (journeyman CoHu)
 14142 | Lair:2   | Noticed a catoblepas
 14142 | Lair:2   | Noticed a five-headed hydra
 14389 | Lair:2   | Found a hazy altar of Hepliaklqana.
 14692 | Lair:2   | Killed a catoblepas
 14693 | Lair:2   | Gained mutation: You have a pair of large horns on your
                  | head. [demonic ancestry]
 14693 | Lair:2   | Reached XP level 13. HP: 89/96 MP: 2/24
 14694 | Lair:2   | Killed bakla's ghost
 14700 | Lair:2   | Reached skill level 1 in Ranged Weapons
 14827 | Lair:2   | Identified the +3 helmet of the Present {Int+3 SInv}
 15013 | Lair:3   | Reached skill level 5 in Summonings
 15257 | Lair:3   | Reached skill level 5 in Hexes
 15311 | Lair:3   | Reached skill level 5 in Dodging
 15391 | Lair:3   | Noticed a dire elephant
 15410 | Lair:3   | Killed a dire elephant
 16159 | Lair:4   | Reached XP level 14. HP: 99/105 MP: 13/26
 16849 | Lair:4   | Found a staircase to the Slime Pits.
 17291 | Lair:5   | Entered Level 5 of the Lair of Beasts
 17478 | Lair:5   | Reached skill level 11 in Ice Magic
 19824 | Lair:5   | Identified a scroll of acquirement
 19833 | Lair:5   | Acquired the ring of Lausac {rPois Will+ rCorr Str-3 Dex+5}
 20031 | Orc:1    | Entered Level 1 of the Orcish Mines
 20033 | Orc:1    | Noticed an orc warlord
 20051 | Orc:1    | Killed an orc warlord
 20348 | Orc:1    | Found a transporter.
 20373 | Orc:1    | Found Zouk's General Store.
 20375 | Orc:1    | Found a transporter.
 20380 | Orc:1    | Bought a potion of curing for 42 gold pieces
 20380 | Orc:1    | Bought a scroll of silence for 133 gold pieces
 20562 | Orc:2    | Entered Level 2 of the Orcish Mines
 20573 | Orc:2    | Found a roughly hewn altar of Beogh.
 20692 | Orc:2    | Found a staircase to the Elven Halls.
 20837 | Orc:1    | Noticed Nergalle
 20850 | Orc:1    | Killed Nergalle
 20909 | Orc:1    | Noticed Maurice
 20913 | Orc:1    | Killed Maurice
 21123 | Orc:2    | Found a roughly hewn altar of Beogh.
 21472 | Orc:2    | Gained mutation: A meltable icy envelope protects you from
                  | harm. (AC +8) [demonic ancestry]
 21472 | Orc:2    | Reached XP level 15. HP: 111/113 MP: 19/28
 21502 | Orc:2    | Reached skill level 10 in Invocations
 21616 | Orc:2    | Reached skill level 5 in Air Magic
 22354 | Orc:2    | Found Ifinih's General Store.
 22355 | Orc:2    | Found Kump's Book Emporium.
 22357 | Orc:2    | Found Jiuqay's Antique Armour Emporium.
 22357 | Orc:2    | Found Plog's Antique Weapon Shoppe.
 22388 | Orc:2    | Bought a book of the Tundra for 528 gold pieces
 22395 | Orc:2    | Learned a level 6 spell: Permafrost Eruption
 22410 | Orc:2    | Bought a spiked troll leather armour for 440 gold pieces
 22410 | Orc:2    | Identified the +1 troll leather armour of Solemn Tender
                  | Moments {Regen+ Dex+4} (You bought it in a shop on level 2
                  | of the Orcish Mines)
 22797 | D:12     | Noticed Jorgrun
 22808 | D:12     | Killed Jorgrun
 22809 | D:12     | Reached skill level 1 in Earth Magic
 23275 | D:12     | Reached skill level 1 in Maces & Flails
 23908 | D:13     | Found a gate to the Vaults.
 24116 | D:13     | Reached skill level 12 in Ice Magic
 24231 | D:13     | Found a sparkling altar of Nemelex Xobeh.
 24297 | D:13     | Acquired a manual of Ice Magic
 24914 | D:15     | Entered Level 15 of the Dungeon
 24931 | D:15     | Found an opulent altar of Gozag.
 24950 | D:15     | Noticed Nessos
 24960 | D:15     | Killed Nessos
 25019 | D:15     | Learned a level 1 spell: Apportation
 25023 | D:15     | Learned a level 3 spell: Hailstorm
 25280 | D:15     | Reached skill level 10 in Fighting
 25671 | D:15     | Found a staircase to the Depths.
 25727 | D:15     | Gained mutation: You are mostly covered in thin metallic
                  | scales. (AC +3) [demonic ancestry]
 25727 | D:15     | Reached XP level 16. HP: 122/122 MP: 22/29
 25833 | D:15     | Noticed Roxanne
 26099 | D:11     | Killed Skryme's ghost
 26392 | D:8      | Killed Gastronok
 26479 | Swamp:1  | Entered Level 1 of the Swamp
 26488 | Swamp:1  | Reached skill level 10 in Spellcasting
 26528 | Swamp:1  | Identified the serpent talisman of the Hot Ocelot {rC-
                  | Str+2 Int+2 Slay+5}
 26528 | Swamp:1  | Noticed Aizul
 26536 | Swamp:1  | Reached skill level 13 in Ice Magic
 26540 | Swamp:1  | Killed Aizul
 26557 | Swamp:1  | Noticed Nikola
 26564 | Swamp:1  | Killed Nikola
 26565 | Swamp:1  | Reached skill level 5 in Earth Magic
 26567 | Swamp:1  | Noticed Donald
 26603 | Spider:1 | Entered Level 1 of the Spider Nest
 27470 | Spider:1 | Reached skill level 14 in Ice Magic
 28196 | Spider:2 | Got Kioset's Monograph on Cruentate Breccia
 28261 | Spider:2 | Reached skill level 15 in Ice Magic
 28362 | Spider:2 | Noticed Arachne
 28379 | Spider:2 | Killed Arachne
 28747 | Spider:2 | Reached skill level 16 in Ice Magic
 29101 | Spider:2 | Reached XP level 17. HP: 128/128 MP: 2/32
 29453 | Spider:2 | Learned a level 6 spell: Sculpt Simulacrum
 29679 | Spider:3 | Noticed Louise
 29686 | Spider:3 | Killed Louise
 30041 | Spider:4 | Entered Level 4 of the Spider Nest
 31158 | Spider:4 | Got a gossamer rune of Zot
 31539 | Swamp:1  | Killed Donald
 32091 | Swamp:2  | Reached skill level 17 in Ice Magic
 32316 | Swamp:2  | Reached skill level 10 in Evocations
 32960 | Swamp:3  | Gained mutation: Your hexes are more powerful. [demonic
                  | ancestry]
 32960 | Swamp:3  | Reached XP level 18. HP: 136/136 MP: 22/34
 33265 | Swamp:3  | Reached skill level 10 in Shields
 33641 | Swamp:4  | Entered Level 4 of the Swamp
 33748 | Swamp:4  | Identified the +1 leather armour of Kaffoug {-Cast Str+6
                  | Dex+4}
 33874 | Swamp:4  | Noticed the 27-headed Lernaean hydra
 33880 | Swamp:4  | Killed the 27-headed Lernaean hydra
 34024 | Swamp:4  | Got a decaying rune of Zot
 34578 | D:9      | Learned a level 4 spell: Vhi's Electric Charge
 34709 | Vaults:1 | Entered Level 1 of the Vaults
 34739 | Vaults:1 | Reached skill level 1 in Translocations
 35154 | Vaults:1 | Found a large runed translucent door.
 35155 | Vaults:1 | Found a large runed translucent door.
 35156 | Vaults:1 | Noticed TacoSundae's ghost (adept DsGl)
 35625 | Vaults:1 | Found Topnoklo's Assorted Antiques.
 35638 | Vaults:1 | Bought a Gell's gravitambourine (2/2) for 1240 gold pieces
 35725 | Vaults:1 | Gained mutation: You are completely covered in thin
                  | metallic scales. (AC +4, rElec) [demonic ancestry]
 35725 | Vaults:1 | Reached XP level 19. HP: 146/146 MP: 16/35
 35983 | Vaults:1 | Found Muttat's Armour Emporium.
 36464 | Orc:2    | Bought a book of Minor Magic for 192 gold pieces
 36467 | Orc:2    | Learned a level 2 spell: Blink
 36704 | Vaults:1 | Killed TacoSundae's ghost
 36747 | Vaults:1 | Identified the +1 hat of Hangman {rF+ Slay+3}
 37512 | Vaults:2 | Found Ifeibaiva's General Store.
 38295 | Vaults:3 | Reached skill level 10 in Dodging
 38341 | Vaults:3 | Learned a level 7 spell: Ozocubu's Refrigeration
 38370 | Vaults:3 | Found a staircase to the Crypt.
 38618 | Vaults:3 | Noticed Asterion
 38622 | Vaults:3 | Killed Asterion
 39380 | Vaults:3 | Found Qyoval's Armour Shoppe.
 39463 | Vaults:3 | Found a large runed translucent door.
 39463 | Vaults:3 | Found a large runed translucent door.
 39464 | Vaults:3 | Noticed Yhagabbo's ghost (adept DrCj)
 39513 | Vaults:3 | Reached skill level 5 in Translocations
 39513 | Vaults:3 | Gained mutation: You are shadowed, sometimes releasing foul
                  | flame when damaged in melee. [demonic ancestry]
 39513 | Vaults:3 | Reached XP level 20. HP: 129/155 MP: 22/37
 40808 | Vaults:4 | Learned a level 5 spell: Lee's Rapid Deconstruction
 41218 | Vaults:4 | Reached skill level 18 in Ice Magic
 41268 | Vaults:4 | Noticed Sojobo
 41272 | Vaults:4 | Killed Sojobo
 41757 | Elf:1    | Entered Level 1 of the Elven Halls
 42080 | Orc:2    | Bought a runed demon whip for 414 gold pieces
 42097 | Orc:2    | Bought 3 scrolls of enchant armour for 315 gold pieces
 42527 | Elf:1    | Found Siysozai's Jewellery Shop.
 42529 | Elf:1    | Found Coxkihat's Book Emporium.
 42530 | Elf:1    | Found Vodgh's Jewellery Shop.
 42818 | Elf:1    | Found a shimmering blue altar of Sif Muna.
 43136 | Elf:1    | Found Lisuipp's Antique Armour Shoppe.
 43673 | Elf:2    | Found a glacial archway.
 43690 | IceCv    | Entered an ice cave
 43897 | IceCv    | Reached XP level 21. HP: 164/164 MP: 17/39
 44156 | IceCv    | Found an ancient bone altar of Kikubaaqudgha.
 44354 | IceCv    | Got the Elucidation of Macabre Graupel
 44719 | Elf:2    | Found a runed translucent gate.
 44719 | Elf:2    | Found a runed translucent gate.
 44719 | Elf:2    | Found a runed translucent gate.
 45615 | Elf:3    | Entered Level 3 of the Elven Halls
 45650 | Elf:3    | Reached skill level 5 in Maces & Flails
 45837 | Elf:3    | Identified the +6 whip "Buaphask" {heavy, MP-9 Int+3 Dex+3
                  | SInv}
 46699 | Elf:3    | Found the amulet of Vitality {Regen++ RegenMP++}
 46699 | Elf:3    | Found the ring of Shadows {Umbra +Inv Stlth+}
 46771 | Elf:3    | Identified the +8 sling of Jaxue {heavy, Str+7 Int-2}
 46775 | Elf:3    | Got Araof's Notes on Fate and Arcane Weapons
 46810 | Elf:3    | Identified the +5 eveningstar of Frustration {holy, rC+
                  | rCorr Dex+3}
 46810 | Elf:3    | Identified the ring "Ityz" {rF+ rN+ Int+2}
 46832 | Elf:3    | Identified the staff of Mute {rPois MP+9 Str-4 Conj Necro}
 46863 | Elf:3    | Got the Directory of Scorched Imprecation
 46911 | Elf:3    | Identified the ring of Giwy {rPois rCorr AC+4}
 46928 | Elf:3    | Identified the ring of Nefosmal {*Corrode Int+3 SInv
                  | Stlth+}
 47370 | Depths:1 | Entered Level 1 of the Depths
 47659 | Depths:1 | Found a gateway to Hell.
 47793 | Depths:1 | Found a runed translucent door.
 47793 | Depths:1 | Noticed a golden dragon
 47922 | Depths:1 | Found a one-way gate leading to the halls of Pandemonium.
 48086 | Depths:1 | Found Amamoxti's Book Boutique.
 48094 | Depths:1 | Gained mutation: Your melee attacks may debilitate your
                  | foes. [demonic ancestry]
 48094 | Depths:1 | Reached XP level 22. HP: 173/173 MP: 16/40
 48646 | Depths:1 | Killed a golden dragon
 48686 | Depths:2 | Reached skill level 15 in Spellcasting
 48858 | Depths:2 | Found a hide-covered altar of Uskayaw.
 48866 | Depths:2 | Found a one-way gateway to a ziggurat.
 49177 | Depths:2 | Reached skill level 15 in Fighting
 49347 | Depths:2 | Reached skill level 15 in Shields
 49566 | Depths:2 | Found a runed door.
 49670 | Depths:2 | Reached skill level 10 in Earth Magic
 49670 | Depths:2 | Noticed an ancient lich
 49675 | Depths:2 | Killed an ancient lich
 49676 | Depths:2 | Reached skill level 19 in Ice Magic
 49749 | Depths:2 | Noticed an ancient lich
 49761 | Depths:2 | Killed an ancient lich
 49797 | Depths:2 | Identified the +0 robe "Fipokk" {rN+ MP+9 Int+4}
 49799 | Depths:2 | Identified the +3 war axe "Xirhyr" {drain, ^Contam rF+
                  | Will+++ Dex+2}
 49801 | Depths:2 | Acquired 1130 gold pieces
 49824 | Depths:2 | Identified the ring of Gathrock {Fly rC+ rN+ Str+3 Int+6}
 49835 | Depths:2 | Acquired 1010 gold pieces
 50523 | Depths:3 | Noticed Norris
 50539 | Depths:3 | Killed Norris
 50717 | Depths:3 | Found a one-way gate to the infinite horrors of the Abyss.
 50842 | Depths:3 | Found a transporter.
 50948 | Depths:3 | Found a transporter.
 51269 | Depths:3 | Noticed a caustic shrike
 51272 | Depths:3 | Noticed a juggernaut
 51281 | Depths:3 | Killed a juggernaut
 51281 | Depths:3 | Killed a caustic shrike
 51282 | Depths:3 | Reached XP level 23. HP: 141/182 MP: 25/42
 51383 | Depths:3 | Identified the ring of Naikk {rPois rC+ EV+5 Str+3}
 51398 | Depths:3 | Identified the ring of the Original Sin {Str+6 Dex+5}
 51455 | Depths:4 | Entered Level 4 of the Depths
 51642 | Depths:4 | Found a flickering gateway to a bazaar.
 51652 | Bazaar   | Entered a bazaar
 51652 | Bazaar   | Found Joydgh's General Store.
 51652 | Bazaar   | Found Niavvoill's Antique Weapon Shoppe.
 51652 | Bazaar   | Found Xedaehad's Distillery.
 51652 | Bazaar   | Found Pulo's Antique Armour Emporium.
 51652 | Bazaar   | Found Olenal's Assorted Antiques.
 51662 | Bazaar   | Bought a potion of brilliance for 68 gold pieces
 51662 | Bazaar   | Bought a potion of heal wounds for 85 gold pieces
 51662 | Bazaar   | Bought a potion of curing for 51 gold pieces
 51662 | Bazaar   | Bought a potion of brilliance for 68 gold pieces
 51662 | Bazaar   | Bought a potion of mutation for 136 gold pieces
 51662 | Bazaar   | Bought a potion of lignification for 51 gold pieces
 51662 | Bazaar   | Bought a potion of enlightenment for 85 gold pieces
 51668 | Bazaar   | Bought a pair of embroidered gloves for 157 gold pieces
 51670 | Bazaar   | Bought a scroll of teleportation for 66 gold pieces
 51670 | Bazaar   | Bought a scroll of revelation for 165 gold pieces
 51677 | Bazaar   | Bought a scroll of teleportation for 27 gold pieces
 51677 | Bazaar   | Bought a potion of mutation for 72 gold pieces
 51677 | Bazaar   | Bought a wand of light (6) for 226 gold pieces
 51729 | Depths:4 | Found a gate to the Realm of Zot.
 51794 | Depths:4 | Noticed a juggernaut
 51799 | Depths:4 | Killed a juggernaut
 52071 | Depths:4 | Noticed a caustic shrike
 52072 | Depths:4 | Noticed a caustic shrike
 52073 | Depths:4 | Noticed a caustic shrike
 52074 | Depths:4 | Noticed a caustic shrike
 52078 | Depths:4 | Killed a caustic shrike
 52084 | Depths:4 | Killed a caustic shrike
 52089 | Depths:4 | Killed a caustic shrike
 52099 | Depths:4 | Killed a caustic shrike
 52438 | Depths:4 | Found a portal to a secret trove of treasure.
 53294 | Depths:4 | You paid a toll of 7 potions of haste to enter a treasure
                  | trove
 53295 | Trove    | Entered a treasure trove
 53308 | Trove    | Identified the +9 whip of Ragnarok {protect, Int+8}
 53327 | Trove    | Identified the +3 mace "Noskock" {drain, rPois Will- Str-2
                  | Stlth+}
 53330 | Trove    | Identified the +6 spear of the Traitor {drain, MP+9 Str-2
                  | Int+7 Dex+3}
 53335 | Trove    | Identified the +5 hand axe of Makhleb's Castigation
                  | {antimagic, rF- rN+++ Str+5}
 53336 | Trove    | Identified the +4 sling "Bepsewn" {antimagic, ^Fragile rF+
                  | Int+2}
 53344 | Trove    | Identified the +6 dagger "Xubbu" {protect, Str+3 Int+2}
 53351 | Trove    | Identified the +6 sling of Cruel Justice {elec, rN++ Will+
                  | Str+3 Dex-2}
 53354 | Trove    | Identified the +0 dagger of Superiority {elec, rN+ Dex+3}
 53579 | Vaults:5 | Entered Level 5 of the Vaults
 53585 | Vaults:5 | Reached skill level 10 in Staves
 53735 | Vaults:5 | Learned a level 9 spell: Polar Vortex
 54013 | Vaults:5 | Reached skill level 10 in Maces & Flails
 54128 | Vaults:5 | Gained mutation: You are darkly shadowed, frequently
                  | releasing foul flame when damaged in melee. [demonic
                  | ancestry]
 54128 | Vaults:5 | Reached XP level 24. HP: 193/193 MP: 22/43
 54161 | Vaults:5 | Reached skill level 20 in Ice Magic
 54191 | Vaults:5 | Found Apluvosk's Distillery.
 54203 | Vaults:5 | Found Ocwopnah's Magic Scroll Boutique.
 54214 | Vaults:5 | Found Foschero's Distillery.
 54405 | Vaults:5 | Identified the +2 scale mail of Focus {Rampage Will+}
 54723 | Vaults:5 | Got a silver rune of Zot
 54782 | Vaults:5 | Identified the +1 scale mail "Viappen" {*Corrode Str+3
                  | Int+3}
 54790 | Vaults:5 | Identified the +3 scale mail of Agual {Int+3 Slay+2}
 54945 | Vaults:5 | Identified the +9 quarterstaff of the Screaming Traitor
                  | {freeze, rF+ Will+ Dex+3}
 54975 | Vaults:5 | Identified the +1 plate armour of Yfyamorra {rElec}
 55233 | Vaults:5 | Found the +8 arc blade {discharge, rElec}
 55241 | Vaults:5 | Identified the +1 cloak of Compassion {rF+ Str+3 Int+3}
 55583 | Vaults:5 | Bought a potion of lignification for 48 gold pieces
 55583 | Vaults:5 | Bought a potion of enlightenment for 80 gold pieces
 55583 | Vaults:5 | Bought a potion of heal wounds for 80 gold pieces
 55583 | Vaults:5 | Bought a potion of invisibility for 128 gold pieces
 55583 | Vaults:5 | Bought a potion of heal wounds for 80 gold pieces
 55583 | Vaults:5 | Bought a potion of curing for 48 gold pieces
 55583 | Vaults:5 | Bought a potion of mutation for 128 gold pieces
 55583 | Vaults:5 | Bought 2 potions of lignification for 96 gold pieces
 55597 | Vaults:5 | Bought 2 potions of might for 136 gold pieces
 55597 | Vaults:5 | Bought a potion of magic for 136 gold pieces
 55597 | Vaults:5 | Bought 2 potions of invisibility for 272 gold pieces
 55597 | Vaults:5 | Bought a potion of heal wounds for 85 gold pieces
 55597 | Vaults:5 | Bought a potion of curing for 51 gold pieces
 55597 | Vaults:5 | Bought 2 potions of mutation for 272 gold pieces
 55604 | Vaults:5 | Bought a scroll of blinking for 142 gold pieces
 55604 | Vaults:5 | Bought a scroll of fear for 76 gold pieces
 55604 | Vaults:5 | Bought a scroll of teleportation for 57 gold pieces
 55715 | Vaults:2 | Bought a sack of spiders for 720 gold pieces
 55715 | Vaults:2 | Bought a potion of enlightenment for 90 gold pieces
 55715 | Vaults:2 | Bought 2 potions of heal wounds for 180 gold pieces
 55715 | Vaults:2 | Bought a scroll of fog for 72 gold pieces
 55715 | Vaults:2 | Bought a wand of mindburst (9) for 226 gold pieces
 55938 | Orc:1    | Bought a wand of light (5) for 294 gold pieces
 55938 | Orc:1    | Bought a scroll of summoning for 133 gold pieces
 55938 | Orc:1    | Bought 2 scrolls of enchant armour for 210 gold pieces
 56011 | Orc:2    | Bought a scroll of blinking for 105 gold pieces
 56011 | Orc:2    | Bought a scroll of teleportation for 42 gold pieces
 56252 | Slime:1  | Entered Level 1 of the Pits of Slime
 56528 | Slime:5  | Entered Level 5 of the Pits of Slime
 56542 | Slime:5  | Reached skill level 5 in Stealth
 56559 | Slime:5  | Noticed the Royal Jelly
 56560 | Slime:5  | Found a viscous altar of Jiyva.
 56572 | Slime:5  | Found the +8 pair of quick blades "Gyre" and "Gimble"
                  | {protect}
 56574 | Slime:5  | Killed the Royal Jelly
 56633 | Slime:5  | Got a slimy rune of Zot
 56634 | Slime:5  | Identified the ring "Uhuduniu" {rPois rCorr}
 56648 | Slime:5  | Got a starry gem with 132 turns to spare
 56656 | Slime:5  | Identified the staff of Defiance {rC+ rN+ rCorr Str+3 Necro
                  | Air}
 56661 | Slime:5  | Got the Directory of Arson and Tephra
 56667 | Slime:5  | Identified the ring "Josahots" {rF+ rN+ Will+}
 56682 | Slime:5  | Identified the -2 pair of boots of Jouty {rF+}
 56687 | Slime:5  | Identified the staff "Gurany" {rElec rC+ Dex+3 Ice}
 56690 | Slime:5  | Identified the ring of Kaiwnoc {Wiz Will+ Slay+2}
 56706 | Slime:5  | Identified the +0 pair of gloves of the Blue Moon {rF+ rN+
                  | MP-9 Str+3}
 56716 | Slime:5  | Identified the amulet "Gaademur" {Spirit Str+3 Int+4
                  | Stlth+}
 57131 | Hell     | Entered the Vestibule of Hell
 57131 | Hell     | Noticed Geryon
 57199 | Hell     | Killed Geryon
 57405 | Hell     | Reached skill level 21 in Ice Magic
 57708 | Hell     | Found a gateway to the ashen valley of Gehenna.
 57748 | Geh:1    | Entered Level 1 of Gehenna
 57753 | Geh:1    | Noticed a dread lich
 57761 | Hell     | Killed a dread lich
 57762 | Hell     | Gained mutation: A meltable icy envelope protects you from
                  | harm. (AC +8) [demonic ancestry]
 57762 | Hell     | Reached XP level 25. HP: 181/190 MP: 3/44
 58021 | Crypt:1  | Entered Level 1 of the Crypt
 58602 | Crypt:1  | Reached skill level 22 in Ice Magic
 59763 | Crypt:2  | Found a huge runed translucent gate.
 59764 | Crypt:2  | Found a huge runed translucent gate.
 59764 | Crypt:2  | Found a huge runed translucent gate.
 59764 | Crypt:2  | Found a huge runed translucent gate.
 59765 | Crypt:2  | Found a huge runed translucent gate.
 59765 | Crypt:2  | Found a huge runed translucent gate.
 59765 | Crypt:2  | Found a huge runed translucent gate.
 59765 | Crypt:2  | Found a huge runed translucent gate.
 59765 | Crypt:2  | Found a huge runed translucent gate.
 59766 | Crypt:2  | Found a huge runed translucent gate.
 59767 | Crypt:2  | Found a huge runed translucent gate.
 59768 | Crypt:2  | Found a huge runed translucent gate.
 59769 | Crypt:2  | Found a huge runed translucent gate.
 59770 | Crypt:2  | Found a huge runed translucent gate.
 59771 | Crypt:2  | Found a huge runed translucent gate.
 59771 | Crypt:2  | Found a huge runed translucent gate.
 59830 | Crypt:2  | Found a huge runed translucent gate.
 59832 | Crypt:2  | Found a huge runed translucent gate.
 59832 | Crypt:2  | Found a huge runed translucent gate.
 59858 | Crypt:2  | Found a huge runed translucent gate.
 59859 | Crypt:2  | Found a huge runed translucent gate.
 59860 | Crypt:2  | Found a huge runed translucent gate.
 59862 | Crypt:2  | Found a huge runed translucent gate.
 59996 | Crypt:2  | Noticed Khufu
 60014 | Crypt:2  | Killed Khufu
 60019 | Crypt:2  | Noticed a royal mummy
 60034 | Crypt:2  | Killed a royal mummy
 60040 | Crypt:2  | Reached skill level 23 in Ice Magic
 60093 | Crypt:2  | Found a huge runed translucent gate.
 60093 | Crypt:2  | Found a huge runed translucent gate.
 60093 | Crypt:2  | Found a huge runed translucent gate.
 60094 | Crypt:2  | Found a huge runed translucent gate.
 60116 | Crypt:2  | Found a huge runed translucent gate.
 60116 | Crypt:2  | Found a huge runed translucent gate.
 60116 | Crypt:2  | Found a huge runed translucent gate.
 60116 | Crypt:2  | Found a huge runed translucent gate.
 60116 | Crypt:2  | Found a huge runed translucent gate.
 60116 | Crypt:2  | Found a huge runed translucent gate.
 60117 | Crypt:2  | Found a huge runed translucent gate.
 60118 | Crypt:2  | Found a huge runed translucent gate.
 60121 | Crypt:2  | Found a huge runed translucent gate.
 60613 | Crypt:2  | Noticed Durufu's ghost (veteran MiGl)
 60613 | Crypt:2  | Noticed Dyigyrgh's ghost (adept GrFi)
 60613 | Crypt:2  | Noticed Goociwk's ghost (adept GrFi)
 60613 | Crypt:2  | Noticed Vailuoroe's ghost (veteran GrEE)
 60613 | Crypt:2  | Noticed Neghedd's ghost (veteran GrEE)
 60613 | Crypt:2  | Noticed Hali's ghost (veteran FoFi)
 60613 | Crypt:2  | Noticed Neghedd's ghost (veteran GrEE)
 60613 | Crypt:2  | Noticed Goociwk's ghost (adept GrFi)
 60613 | Crypt:2  | Noticed Dyigyrgh's ghost (adept GrFi)
 60629 | Crypt:2  | Killed Vailuoroe's ghost
 60632 | Crypt:2  | Killed Hali's ghost
 60638 | Crypt:2  | Killed Dyigyrgh's ghost
 60638 | Crypt:2  | Killed Neghedd's ghost
 60643 | Crypt:2  | Killed Dyigyrgh's ghost
 60707 | Crypt:2  | Killed Goociwk's ghost
 60707 | Crypt:2  | Killed Neghedd's ghost
 60715 | Crypt:2  | Killed Goociwk's ghost
 60720 | Crypt:2  | Killed Durufu's ghost
 60764 | Crypt:2  | Identified the staff "Hitemp" {rPois rC+ Stlth+ Summ Necro
                  | Ice}
 60766 | Crypt:2  | Identified the +1 cloak of the Salamander {Int+4}
 60771 | Crypt:2  | Identified the +7 sling of Toropn {heavy, rPois Will+ Str+2
                  | Dex+4}
 60781 | Crypt:2  | Identified the +9 falchion of the Realm of Zot {antimagic,
                  | rF++ Int+6}
 60819 | Crypt:2  | Learned a level 3 spell: Fugue of the Fallen
 60847 | Crypt:3  | Entered Level 3 of the Crypt
 60977 | Crypt:3  | Reached skill level 1 in Necromancy
 61179 | Crypt:3  | Found a basalt altar of Yredelemnul.
 61414 | Crypt:3  | Found a staircase to the Tomb.
 61745 | Crypt:3  | Reached skill level 24 in Ice Magic
 62188 | Crypt:3  | Identified the ring "Ujeciv" {rF+++ rN+ Will- Str+4}
 62314 | Crypt:3  | Identified the +3 leather armour "Vinnul" {Slay+3}
 62379 | Crypt:3  | Identified the ring "Okecorui" {rF+ rN++ Will+ Str+3 Int-2}
 62394 | Crypt:3  | Got Kikubaaqudgha's Codex of Sciomancy
 63125 | Geh:1    | Reached XP level 26. HP: 180/211 MP: 23/44
 63704 | Geh:3    | Reached skill level 25 in Ice Magic
 63986 | Geh:4    | Noticed an ancient lich
 63993 | Geh:4    | Killed an ancient lich
 64233 | Geh:7    | Entered Level 7 of Gehenna
 64238 | Geh:7    | Reached skill level 26 in Ice Magic
 64516 | Geh:7    | Identified the +5 morningstar "Eviscerator" {heavy, Str+7}
 64961 | Geh:7    | Identified the death talisman of Darkness {rElec rF+++
                  | Str-2 Int-5}
 65024 | Geh:7    | Reached skill level 1 in Shapeshifting
 65036 | Geh:7    | Found the +13 sceptre of Asmodeus
 65036 | Geh:7    | Noticed Asmodeus
 65053 | Geh:7    | Killed Asmodeus
 65079 | Geh:7    | Got an obsidian rune of Zot
 65172 | Hell     | Found a gateway to the freezing wastes of Cocytus.
 65305 | Coc:1    | Entered Level 1 of Cocytus
 65309 | Coc:1    | Noticed an ancient lich
 65314 | Coc:1    | Killed an ancient lich
 65315 | Coc:1    | Gained mutation: You are surrounded by an aura of silence.
                  | [demonic ancestry]
 65315 | Coc:1    | Reached XP level 27. HP: 217/217 MP: 21/44
 65463 | Coc:3    | Paralysed by a wendigo for 1 turns
 65467 | Coc:3    | Reached skill level 5 in Shapeshifting
 65623 | Zot:1    | Entered Level 1 of the Realm of Zot
 65787 | Zot:1    | Reached skill level 27 in Ice Magic
 67581 | Zot:3    | Noticed an orb of fire
 67582 | Zot:3    | Reached skill level 10 in Shapeshifting
 67590 | Zot:3    | Killed an orb of fire
 67595 | Zot:3    | Identified the +5 war axe "Vulaeraw" {drain, Int+3}
 67728 | Zot:3    | Found a hide-covered altar of Uskayaw.
 67733 | Zot:3    | You are sucked into a shaft and drop 1 floor!
 67735 | Zot:4    | Identified the ring "Ynoczed" {Ice *Slow rN+ Dex+4}
 67735 | Zot:4    | Noticed Josephina
 67737 | Zot:4    | Killed Josephina
 67838 | Zot:4    | Found a transporter.
 67943 | Zot:4    | Found a transporter.
 68011 | Zot:4    | Found a runed translucent door.
 68012 | Zot:4    | Found a shimmering altar of Xom.
 68012 | Zot:4    | Identified the +9 halberd "Laen" {chaos, Int+8 Dex-3}
 68013 | Zot:4    | Noticed Asesu's ghost (veteran AtFi)
 68054 | Zot:4    | Killed Asesu's ghost
 68745 | Coc:4    | Paralysed by a wendigo for 1 turns
 69097 | Coc:6    | Reached skill level 15 in Shapeshifting
 69166 | Coc:7    | Entered Level 7 of Cocytus
 69188 | Coc:7    | Noticed the Serpent of Hell
 69202 | Coc:7    | Killed the Serpent of Hell
 69603 | Coc:7    | Paralysed by a wendigo for 1 turns
 69626 | Coc:7    | Identified the +4 flail "Qamaakem" {venom, *Slow rElec rN++
                  | Int+2}
 69781 | Coc:7    | Paralysed by a wendigo for 1 turns
 69798 | Coc:7    | Noticed Antaeus
 69886 | Coc:7    | Killed Antaeus
 69942 | Coc:7    | Got an icy rune of Zot
 70158 | Hell     | Found a gateway to the decaying netherworld of Tartarus.
 70224 | Tar:1    | Entered Level 1 of Tartarus
 70294 | Hell     | Found a gateway to the Iron City of Dis.
 70308 | Dis:1    | Entered Level 1 of the Iron City of Dis
 70434 | Dis:3    | Noticed an ancient lich
 70434 | Dis:3    | Noticed a dread lich
 70577 | Pan      | Entered Pandemonium
 70769 | Pan      | Noticed Pagoagh the pandemonium lord
 70774 | Pan      | Killed Pagoagh the pandemonium lord
 70790 | Pan      | Gained mutation: You have sharp toenails. [a cacodemon]
 71108 | Pan      | Learned a level 2 spell: Lesser Beckoning
 71242 | Pan      | Gained mutation: You occasionally shout uncontrollably at
                  | your foes. [a cacodemon]
 71298 | Pan      | Noticed Ignacio
 71303 | Pan      | Killed Ignacio
 71337 | Pan      | Noticed Vuajod the pandemonium lord
 71348 | Pan      | Killed Vuajod the pandemonium lord
 71474 | Pan      | Found an exit through the horrors of the Abyss.
 71949 | Pan      | Got a demonic rune of Zot
 72232 | Pan      | Lost mutation: You have sharp toenails. [potion of
                  | mutation]
 72232 | Pan      | Lost mutation: You occasionally shout uncontrollably at
                  | your foes. [potion of mutation]
 72232 | Pan      | Gained mutation: Your system is resistant to poisons.
                  | (rPois) [potion of mutation]
 72232 | Pan      | Gained mutation: You have sharp fingernails. [potion of
                  | mutation]
 72233 | Pan      | Lost mutation: Your system is resistant to poisons. (rPois)
                  | [potion of mutation]
 72233 | Pan      | Lost mutation: You have sharp fingernails. [potion of
                  | mutation]
 72233 | Pan      | Gained mutation: Your spells are a little easier to cast,
                  | but a little less powerful. [potion of mutation]
 72233 | Pan      | Gained mutation: Your flesh is cold resistant. (rC+)
                  | [potion of mutation]
 72234 | Pan      | Lost mutation: Your spells are a little easier to cast, but
                  | a little less powerful. [potion of mutation]
 72234 | Pan      | Lost mutation: Your flesh is cold resistant. (rC+) [potion
                  | of mutation]
 72234 | Pan      | Gained mutation: Your body sometimes deteriorates upon
                  | taking damage. [potion of mutation]
 72234 | Pan      | Gained mutation: You are robust. (+10% HP) [potion of
                  | mutation]
 72235 | Pan      | Lost mutation: Your body sometimes deteriorates upon taking
                  | damage. [potion of mutation]
 72235 | Pan      | Lost mutation: You are robust. (+10% HP) [potion of
                  | mutation]
 72235 | Pan      | Gained mutation: You possess an exceptional clarity of
                  | mind. [potion of mutation]
 72235 | Pan      | Gained mutation: Your spells are a little easier to cast,
                  | but a little less powerful. [potion of mutation]
 72235 | Pan      | Gained mutation: You are agile. (Dex +4, Str/Int -1)
                  | [potion of mutation]
 72236 | Pan      | Lost mutation: You are agile. (Dex +4, Str/Int -1) [potion
                  | of mutation]
 72236 | Pan      | Lost mutation: You possess an exceptional clarity of mind.
                  | [potion of mutation]
 72236 | Pan      | Lost mutation: Your spells are a little easier to cast, but
                  | a little less powerful. [potion of mutation]
 72236 | Pan      | Gained mutation: Your muscles are strong. (Str +4, Int/Dex
                  | -1) [potion of mutation]
 72236 | Pan      | Gained mutation: You occasionally lose the ability to drink
                  | potions when taking damage. [potion of mutation]
 72236 | Pan      | Gained mutation: You have an increased reservoir of magic.
                  | (+10% MP) [potion of mutation]
 72237 | Pan      | Lost mutation: Your muscles are strong. (Str +4, Int/Dex
                  | -1) [potion of mutation]
 72237 | Pan      | Lost mutation: You have an increased reservoir of magic.
                  | (+10% MP) [potion of mutation]
 72237 | Pan      | Lost mutation: You occasionally lose the ability to drink
                  | potions when taking damage. [potion of mutation]
 72237 | Pan      | Gained mutation: You have very sharp teeth. [potion of
                  | mutation]
 72237 | Pan      | Gained mutation: You are resistant to electric shocks.
                  | (rElec) [potion of mutation]
 72237 | Pan      | Gained mutation: You have large cloven feet. [potion of
                  | mutation]
 72238 | Pan      | Lost mutation: You have very sharp teeth. [potion of
                  | mutation]
 72238 | Pan      | Lost mutation: You have large cloven feet. [potion of
                  | mutation]
 72238 | Pan      | Lost mutation: You are resistant to electric shocks.
                  | (rElec) [potion of mutation]
 72238 | Pan      | Gained mutation: You are clumsy. (Dex -2) [potion of
                  | mutation]
 72238 | Pan      | Gained mutation: Your muscles are strong. (Str +4, Int/Dex
                  | -1) [potion of mutation]
 72239 | Pan      | Lost mutation: You are clumsy. (Dex -2) [potion of
                  | mutation]
 72239 | Pan      | Lost mutation: Your muscles are strong. (Str +4, Int/Dex
                  | -1) [potion of mutation]
 72239 | Pan      | Gained mutation: You are robust. (+10% HP) [potion of
                  | mutation]
 72239 | Pan      | Gained mutation: Your natural rate of healing is unusually
                  | fast. [potion of mutation]
 72239 | Pan      | Gained mutation: You are partially covered in large bone
                  | plates. (SH +4) [potion of mutation]
 72239 | Pan      | Gained mutation: Your mind is acute. (Int +4, Str/Dex -1)
                  | [potion of mutation]
 72400 | Pan      | Found a huge runed translucent gate.
 72401 | Pan      | Found a huge runed translucent gate.
 72403 | Pan      | Found a huge runed translucent gate.
 72404 | Pan      | Found a huge runed translucent gate.
 72429 | Pan      | Noticed Mennas
 72433 | Pan      | Killed Mennas
 72546 | Pan      | Noticed Dorphest the pandemonium lord
 72557 | Pan      | Killed Dorphest the pandemonium lord
 72612 | Pan      | Entered the realm of Cerebov.
 72759 | Pan      | Identified the +9 great sword of Sudiyfoj {speed, rElec rC+
                  | Int+2}
 72760 | Pan      | Identified the +7 glaive "Nufeif" {antimagic, rCorr Str+4}
 72816 | Pan      | Identified the +5 plate armour "Firuxa" {Int+5 Slay-4}
 72835 | Pan      | Identified the +10 mace "Cyecu" {elec, Stlth+}
 72842 | Pan      | Identified the ring "Rimmites" {rPois rCorr Str-5 Dex+2
                  | Slay+3}
 72854 | Pan      | Found the +6 sword of Cerebov {flame}
 72854 | Pan      | Noticed Cerebov
 72871 | Pan      | Killed Cerebov
 72912 | Pan      | Got a fiery rune of Zot
 72913 | Pan      | Identified the staff "Wira" {rC+ Stlth+ Fire Ice}
 72978 | Pan      | Identified the staff of Qefot {rN+ Conj Hexes}
 73026 | Pan      | Entered the realm of Gloorx Vloq.
 73424 | Pan      | Noticed Gloorx Vloq
 73436 | Pan      | Killed Gloorx Vloq
 73451 | Pan      | Got a dark rune of Zot
 73819 | Pan      | Noticed Laodwoci the pandemonium lord
 73826 | Pan      | Killed Laodwoci the pandemonium lord
 73827 | Pan      | Reached skill level 5 in Armour
 73829 | Pan      | Found a runed translucent door.
 73851 | Pan      | Entered the realm of Mnoleg.
 73928 | Pan      | Noticed Mnoleg
 73943 | Pan      | Killed Mnoleg
 73996 | Pan      | Got a glowing rune of Zot
 74167 | Pan      | Entered the realm of Lom Lobon.
 74167 | Pan      | Noticed Lom Lobon
 74201 | Pan      | Killed Lom Lobon
 74230 | Pan      | Got a magical rune of Zot
 74336 | Pan      | Found an exit through the horrors of the Abyss.
 74349 | Pan      | Took an exit into the Abyss.
 74349 | Abyss:1  | Escaped into the Abyss
 74349 | Abyss:1  | Found a corrupted altar of Lugonu.
 74349 | Abyss:1  | Found a corrupted altar of Lugonu.
 74353 | Abyss:1  | Found a corrupted altar of Lugonu.
 74465 | Abyss:1  | Found a corrupted altar of Lugonu.
 74504 | Abyss:1  | Found a corrupted altar of Lugonu.
 74507 | Abyss:1  | Found a corrupted altar of Lugonu.
 74507 | Abyss:1  | Found a corrupted altar of Lugonu.
 74819 | Abyss:5  | Paralysed by accursed screaming for 1 turns
 74872 | Abyss:5  | Paralysed by accursed screaming for 2 turns
 74937 | Abyss:5  | Noticed a dread lich
 74945 | Abyss:5  | Killed a dread lich
 74950 | Abyss:5  | Found a corrupted altar of Lugonu.
 75066 | Abyss:5  | Got an abyssal rune of Zot
 75087 | Depths:1 | Escaped the Abyss
 75357 | Elf:1    | Bought a pair of embroidered gloves for 277 gold pieces
 76410 | Tar:5    | You are sucked into a shaft and drop 1 floor!
 76543 | Tar:7    | Entered Level 7 of Tartarus
 76564 | Tar:7    | Noticed a dread lich
 76564 | Tar:7    | Noticed an ancient lich
 76656 | Tar:7    | Killed an ancient lich
 76658 | Tar:7    | Identified the +9 war axe of Subemnyd {speed, *Noise Will+
                  | MP+9 Str+3}
 76661 | Tar:7    | Identified the +7 quarterstaff of Defilement {spect, +Blink
                  | Fly rF+ Str+3}
 76675 | Tar:7    | Killed a dread lich
 76894 | Tar:7    | Reached skill level 10 in Armour
 76998 | Tar:7    | Noticed Ereshkigal
 77033 | Tar:7    | Paralysed by Ereshkigal for 2 turns
 77053 | Tar:7    | Killed Ereshkigal
 77132 | Tar:7    | Got a bone rune of Zot
 77255 | Dis:3    | Noticed an ancient lich
 77255 | Dis:3    | Noticed a dread lich
 77256 | Dis:3    | Noticed an ancient lich
 77258 | Dis:3    | Killed an ancient lich
 77258 | Dis:3    | Killed a dread lich
 77259 | Dis:3    | Killed a dread lich
 77259 | Dis:3    | Killed an ancient lich
 77265 | Dis:3    | Killed an ancient lich
 77265 | Dis:3    | Noticed an ancient lich
 77271 | Dis:3    | Killed an ancient lich
 77531 | Dis:5    | Reached skill level 15 in Evocations
 77534 | Dis:5    | Noticed a dread lich
 77549 | Dis:5    | Killed a dread lich
 77701 | Dis:7    | Entered Level 7 of the Iron City of Dis
 77827 | Dis:7    | Noticed an ancient lich
 77836 | Dis:7    | Killed an ancient lich
 78304 | Dis:7    | Noticed Dispater
 78309 | Dis:7    | Noticed a juggernaut
 78316 | Dis:7    | Killed a juggernaut
 78320 | Dis:7    | Killed Dispater
 78321 | Dis:7    | Reached skill level 15 in Dodging
 78363 | Dis:7    | Got an iron rune of Zot
 78845 | Tomb:1   | Entered Level 1 of the Tomb of the Ancients
 78886 | Tomb:1   | Noticed a royal mummy
 78892 | Tomb:1   | Killed a royal mummy
 78901 | Tomb:1   | Noticed a royal mummy
 78908 | Tomb:1   | Killed a royal mummy
 78923 | Tomb:1   | Identified the +0 scale mail "Xaluuw" {rC+ Will+}
 79002 | Tomb:2   | Noticed a royal mummy
 79002 | Tomb:2   | Noticed a royal mummy
 79002 | Tomb:2   | Noticed a royal mummy
 79002 | Tomb:2   | Noticed a royal mummy
 79055 | Tomb:2   | Killed a royal mummy
 79065 | Tomb:2   | Killed a royal mummy
 79074 | Tomb:2   | Noticed a royal mummy
 79125 | Tomb:2   | Killed a royal mummy
 79126 | Tomb:2   | Killed a royal mummy
 79134 | Tomb:2   | Killed a royal mummy
 79160 | Tomb:2   | Identified the +0 ring mail of the Heavens {rC+ Str+4}
 79267 | Tomb:1   | Noticed a royal mummy
 79271 | Tomb:1   | Noticed a royal mummy
 79275 | Tomb:1   | Killed a royal mummy
 79276 | Tomb:1   | Killed a royal mummy
 79278 | Tomb:1   | Noticed a royal mummy
 79278 | Tomb:1   | Noticed a royal mummy
 79283 | Tomb:1   | Killed a royal mummy
 79284 | Tomb:1   | Noticed a royal mummy
 79284 | Tomb:1   | Noticed a royal mummy
 79286 | Tomb:1   | Noticed a royal mummy
 79287 | Tomb:1   | Killed a royal mummy
 79289 | Tomb:1   | Killed a royal mummy
 79292 | Tomb:1   | Killed a royal mummy
 79292 | Tomb:1   | Killed a royal mummy
 79294 | Tomb:1   | Noticed a royal mummy
 79295 | Tomb:1   | Noticed a royal mummy
 79300 | Tomb:1   | Killed a royal mummy
 79300 | Tomb:1   | Killed a royal mummy
 79300 | Tomb:1   | Noticed a royal mummy
 79306 | Tomb:1   | Killed a royal mummy
 79319 | Tomb:1   | Noticed a royal mummy
 79333 | Tomb:1   | Killed a royal mummy
 79341 | Tomb:1   | Noticed a royal mummy
 79357 | Tomb:1   | Killed a royal mummy
 79391 | Tomb:1   | Noticed a royal mummy
 79400 | Tomb:1   | Killed a royal mummy
 79461 | Tomb:1   | Noticed a royal mummy
 79472 | Tomb:1   | Killed a royal mummy
 79536 | Tomb:3   | Entered Level 3 of the Tomb of the Ancients
 79538 | Tomb:3   | Noticed a royal mummy
 79539 | Tomb:3   | Noticed a royal mummy
 79539 | Tomb:3   | Noticed a royal mummy
 79552 | Tomb:3   | Noticed a royal mummy
 79554 | Tomb:3   | Killed a royal mummy
 79558 | Tomb:3   | Killed a royal mummy
 79560 | Tomb:3   | Killed a royal mummy
 79567 | Tomb:3   | Killed a royal mummy
 79583 | Tomb:3   | Noticed a royal mummy
 79584 | Tomb:3   | Noticed a royal mummy
 79588 | Tomb:3   | Noticed a royal mummy
 79590 | Tomb:3   | Killed a royal mummy
 79594 | Tomb:3   | Killed a royal mummy
 79595 | Tomb:3   | Killed a royal mummy
 79611 | Tomb:3   | Noticed a royal mummy
 79614 | Tomb:3   | Noticed a royal mummy
 79619 | Tomb:3   | Killed a royal mummy
 79620 | Tomb:3   | Killed a royal mummy
 79831 | Tomb:3   | Got a golden rune of Zot
 79833 | Tomb:3   | Got a sanguine gem with 71 turns to spare
 80503 | Zot:5    | Entered Level 5 of the Realm of Zot
 80735 | Zot:5    | Noticed a dread lich
 80737 | Zot:5    | Noticed a dread lich
 80748 | Zot:5    | Killed a dread lich
 80749 | Zot:5    | Killed a dread lich
 80806 | Zot:5    | Noticed an orb of fire
 80812 | Zot:5    | Killed an orb of fire
 80853 | Zot:5    | Noticed an orb of fire
 80853 | Zot:5    | Noticed an ancient lich
 80854 | Zot:5    | Noticed an orb of fire
 80859 | Zot:5    | Killed an orb of fire
 80861 | Zot:5    | Killed an orb of fire
 80863 | Zot:5    | Killed an ancient lich
 80909 | Zot:5    | Noticed a dread lich
 80913 | Zot:5    | Killed a dread lich
 80920 | Zot:5    | Got the Orb of Zot
 80929 | Zot:5    | Noticed an orb of fire
 80940 | Zot:5    | Killed an orb of fire
 80955 | Zot:5    | Noticed an orb of fire
 80968 | Zot:5    | Killed an orb of fire
 81071 | Zot:2    | Noticed Wovyunn the pandemonium lord
 81515 | D:$      | Escaped with the Orb!

Illustrated notes

Levels and vault maps discovered:
D:1:      dpeg_arrival_prison, layout_rooms, corner_web_ring
D:2:      minmay_diamond_boxcup, layout_loops_ring, grunt_ministairs_12
D:3:      layout_loops_cross, chequers_temple_overflow_statue_of_worship,
          reono_crystal_passage, kennysheep_generic_room_2
D:4:      layout_basic, serial_glass, glass_columns_a, glass_columns_c
D:5:      layout_basic, minmay_temple_entry_waves, st_stairs_4, uniq_ijyb,
          uniq_blork_the_orc, uniq_edmund, uniq_menkaure
D:6:      layout_cave_pools, nicolae_shop_sticking_my_neck_out,
          uniq_crazy_yiuf_cottage, uniq_eustachio, uniq_duvessa
D:7:      layout_cave_pools, enter_bailey_3
D:8:      layout_loops_ring, serial_shops, nicolae_shop_gibbet_a_chance,
          uniq_grum, uniq_gastronok
D:9:      layout_roguey, dpeg_lair_monsters, uniq_psyche
D:10:     layout_loops_cross, marbit_many_paths, uniq_maggie
D:11:     layout_basic, orc_david_3, serial_shops, shop,
          nicolae_shop_tiny_statue_garden, nzn_ghost_randoct
D:12:     layout_basic, uniq_jorgrun
D:13:     layout_big_octagon, david_vaults_5, roadster_trireme
D:14:     layout_roguey, nrook_uturn
D:15:     hellmonk_depths_entry_around_the_bend, layout_loops_cross,
          grunt_gozag_statues, uniq_nessos, uniq_roxanne
Temple:   nicolae_temple_bog_church
Lair:1:   layout_gridlike, st_stairs_9, grunt_megastairs_5
Lair:2:   layout_chaotic_city, swamp_mist, hellmonk_spider_entry_life_and_decay,
          gammafunk_ghost_berserking_beasts, basic_altar,
          infiniplex_staircase_pool
Lair:3:   mu_elephants_graveyard, layout_cave_shapes
Lair:4:   layout_layer_cave, slime_entry_1
Lair:5:   hangedman_lair_tendril_chambers, layout_regular_city,
          hangedman_lair_in_review, serial_bayou, serial_bayou_pond_e,
          serial_bayou_crossing, serial_bayou_shore_b, serial_bayou_lagoon_a,
          serial_bayou_shore_b
Swamp:1:  layout_basic_swamp, evilmike_swamp_ruin_house_3, swamp_pool_5,
          uniq_nikola, uniq_aizul, uniq_donald
Swamp:2:  layout_falls_marsh, serial_swamp_ruin, evilmike_swamp_ruin_house_5,
          evilmike_swamp_ruin_wall, hangedman_swamp_ruin_wall, swamp_pool_1_2
Swamp:3:  layout_basic_swamp, nicolae_swamp_little_swirl
Swamp:4:  swamp_old_school, layout_basic_swamp
Spider:1: layout_cave_pods, nicolae_spider_spiderdrome
Spider:2: nicolae_spider_hilbert_zone_1 [nicolae_spider_hilbert_4_sides_1_open,
          nicolae_spider_hilbert_4_sides_1_open,
          nicolae_spider_hilbert_4_sides_1_open,
          nicolae_spider_hilbert_4_sides_1_open,
          nicolae_spider_hilbert_3_sides_1_open,
          nicolae_spider_hilbert_3_sides_1_open,
          nicolae_spider_hilbert_3_sides_1_open,
          nicolae_spider_hilbert_3_sides_1_open,
          nicolae_spider_hilbert_3_sides_1_open,
          nicolae_spider_hilbert_6_sides_1_open,
          nicolae_spider_hilbert_6_sides_1_open,
          nicolae_spider_hilbert_3_sides_1_open,
          nicolae_spider_hilbert_3_sides_1_open,
          nicolae_spider_hilbert_3_sides_1_open,
          nicolae_spider_hilbert_3_sides_1_open,
          nicolae_spider_hilbert_2_sides_1_open], hellmonk_spider_spawner,
          uniq_arachne
Spider:3: layout_spider_delve, uniq_louise
Spider:4: hellmonk_spider_rune_endless_swarm, nicolae_looking_at_the_future
Slime:1:  layout_caves
Slime:2:  layout_caves, basic_altar, nicolae_slime_rock_hall_of_fame
Slime:3:  layout_caves
Slime:4:  nicolae_slime_infinislime, layout_caves
Slime:5:  slime_pit
Orc:1:    layout_caves, serial_shops, nicolae_shop_drivethru, uniq_maurice,
          uniq_nergalle
Orc:2:    st_orc_congregation, layout_caves, basic_altar,
          nicolae_orc_lost_temple
Elf:1:    nicolae_elf_arrival_no_cutting_in_line, layout_loops_corners,
          serial_shops, shop, basic_altar, nicolae_elf_blasts_and_bolts,
          minmay_shop_grove
Elf:2:    nicolae_elf_blades_crystal_corner, layout_geoelf_diagonals,
          portal_ice_cave_entry_ice_statue_one
Elf:3:    minmay_elf_hall_golems, layout_gridlike
Vaults:1: advil_vaults_ghost_guards, v_misc_33, ontoclasm_vaults_idyll,
          v_pattern_1, lemuel_ogre_cave, v_misc_32, v_rooms_1,
          vaults_room_grunt_arrival_ludios, nicolae_vaults_apartment_1,
          nicolae_vaults_weapon_check, layout_vaults_maze_snakey, serial_shops,
          nicolae_shop_scrapyard, nicolae_shop_stone
Vaults:2: nicolae_vaults_trapezoid_1, nicolae_vaults_double_plus_1,
          nicolae_vaults_asterisk, vaults_room_ringed_pool,
          nicolae_vaults_security_offices_2,
          hangedman_vaults_stretched_pinwheel, serial_ice_g, v_alt_pattern_6,
          ontoclasm_vaults_idyll, nicolae_vaults_closet_pinwheel_4,
          nicolae_vaults_little_ls, nicolae_vaults_yaktaur_gun_rack,
          nicolae_vaults_tetromino_L_1, layout_vaults_big_room, serial_shops,
          nicolae_diamond_shop
Vaults:3: ebering_ghost_disaster_area, vaults_mumra_lcd,
          minmay_crypt_entry_simple_plaza, v_misc_9,
          nicolae_vaults_shelves_hall, v_alt_pattern_5,
          nicolae_vaults_tetromino_T_1, nicolae_vaults_little_squares_4,
          vaults_room_hallway, nicolae_vaults_house_2, layout_vaults_omnigrid,
          serial_shops, shop_coins, uniq_asterion
Vaults:4: hangedman_vaults_snaps, hangedman_vaults_locks,
          vaults_mumra_minichess, nicolae_vaults_network_s,
          nicolae_vaults_hexular_roomagon, hangedman_vaults_hard_town_square,
          vaults_mumra_chevron, nicolae_vaults_closet_pinwheel_2, v_misc_2,
          nicolae_vaults_storage_room_statues, layout_vaults_ring, uniq_sojobo
Vaults:5
Crypt:1:  layout_catacombs, grunt_megastairs_4
Crypt:2:  layout_basic, gammafunk_ghost_door_vault, uniq_khufu
Crypt:3:  evilmike_haunted_forest
Tomb:1
Tomb:2
Tomb:3
Depths:1: layout_basic, nrook_campfire, hellmouth_2, serial_shops,
          nicolae_shop_mannequins, grunt_pan_entry_zigzag,
          grunt_decor_resistance, kennysheep_treasure_room
Depths:2: evilmike_wizard_prison, layout_twisted_cross, enter_ziggurat_b,
          hell_entry, rand_demon_pan_entry_3, hangedman_decor_points,
          nicolae_uskayaw_murder_on_the_dancefloor
Depths:3: gammafunk_dig_for_victory, layout_cave_shapes,
          pf_dread_powers_of_hell, serial_column_ruins, column_ruins_open_tiny,
          column_ruins_open_tiny, column_ruins_grid_1,
          column_ruins_columns_water, column_ruins_open_small,
          column_ruins_columns_straight, column_ruins_grid_3,
          serial_sigils_hangedman_quiver, abyss_entry,
          infiniplex_staircase_zigzag_4, uniq_margery, uniq_norris
Depths:4: evilmike_zot_entry_diamond, layout_basic,
          nicolae_trove_entry_crossroad, chequers_serial_rivers_marsh,
          hell_entry, serial_shops, bzr_entry_dummy,
          regret_index_abyss_entry_already_here
Hell
Dis:1:    layout_subdivisions
Dis:2:    layout_subdivisions
Dis:3:    layout_jigsaw, nicolae_dis_liches_on_tour
Dis:4:    layout_subdivisions
Dis:5:    layout_subdivisions
Dis:6:    layout_subdivisions
Dis:7:    dis_hangedman
Geh:1:    layout_gehenna_pools_triple
Geh:2:    layout_gehenna_lava_caves
Geh:3:    layout_gehenna_pools_basic, nicolae_geh_lava_lounge
Geh:4:    layout_gehenna_lava_caves
Geh:5:    layout_gehenna_pools_box, gehenna_fire_generator
Geh:6:    layout_gehenna_pools_box
Geh:7:    evilmike_geh
Coc:1:    layout_ice_bergs
Coc:2:    layout_cocytus_water_paths
Coc:3:    layout_cocytus_water_paths
Coc:4:    layout_cocytus_water_paths
Coc:5:    layout_ice_bergs, nicolae_hells_hurtin_island
Coc:6:    layout_cocytus_water_paths
Coc:7:    coc_dpeg
Tar:1:    layout_grid_maze
Tar:2:    layout_honeycomb
Tar:3:    layout_catacombs
Tar:4:    layout_grid_maze
Tar:5:    layout_catacombs, nicolae_tar_cuneiform_to_be
Tar:6:    layout_grid_maze
Tar:7:    tar_grunt_cathedral
Zot:1:    layout_basic
Zot:2:    layout_onion, bh_zot_ikea_curve, zot_minivault_1
Zot:3:    layout_basic, regret_index_zotdec_icy_dp, grunt_ministairs_2
Zot:4:    layout_basic, ebering_ghost_xom,
          regret_index_zotdec_under_construction, nicolae_diode_stairs,
          uniq_josephina
Zot:5:    layout_misc_corridors, st_stairs_4

Skill      XL: |  1  2  3  4  5  6  7  8  9 10 11 12 13 14 15 16 17 18 19 20 21 22 23 24 25 26 27 |
---------------+----------------------------------------------------------------------------------+-----
Ice Magic      | 4 5 6 7 8 9 10 11 12 16 17 18 19 21 24 26 27 | 27.0
Fighting       | 1 2 3 4 5 6 7 8 9 10 12 13 14 15 16 18 23 | 23.7
Spellcasting   | 3 4 5 6 7 8 9 11 12 13 14 15 16 17 22 | 22.4
Summonings     | 1 2 3 4 5 |  5.0
Evocations     | 1 2 3 4 5 6 7 8 9 10 11 15 | 15.0
Staves         | 2 3 4 5 6 7 8 9 10 | 10.2
Hexes          | 2 3 4 5 |  5.0
Dodging        | 2 3 4 5 6 7 8 9 10 18 | 18.0
Invocations    | 2 4 5 7 8 9 11 12 13 14 | 14.0
Shields        | 2 4 5 6 7 8 9 10 11 13 14 15 16 21 | 21.5
Conjurations   | 2 4 |  4.0
Air Magic      | 2 3 4 5 6 |  6.0
Armour         | 1 2 3 4 12 | 12.0
Alchemy        | 2 3 |  3.0
Ranged Weapons | 2 |  2.0
Earth Magic    | 4 6 8 9 10 | 10.0
Maces & Flails | 1 3 4 6 8 10 | 10.1
Translocations | 2 5 6 |  6.0
Stealth        | 5 6 |  6.0
Necromancy     | 3 |  3.0
Shapeshifting  | 3 23 | 23.0

Action                     |  1- 3 |  4- 6 |  7- 9 | 10-12 | 13-15 | 16-18 | 19-21 | 22-24 | 25-27 || total
---------------------------+-------+-------+-------+-------+-------+-------+-------+-------+-------++-------
  Melee: Staff             |    10 |     3 |    56 |   399 |   635 |   529 |   379 |   444 |  1357 ||  3812
         Unarmed           |       |     7 |       |       |       |       |       |       |       ||     7
         Headbutt          |       |       |    14 |   132 |   198 |   177 |   222 |   235 |   797 ||  1775
         Demon whip        |       |       |       |       |       |       |   203 |   124 |   329 ||   656
   Fire: Sling             |       |       |       |    17 |    20 |       |       |       |       ||    37
  Throw: Stone             |     4 |     3 |    37 |    16 |       |       |       |       |       ||    60
         Javelin           |       |       |       |     7 |     7 |       |       |       |       ||    14
         Dart              |       |       |       |       |     4 |     3 |     5 |     6 |    16 ||    34
   Cast: Freeze            |    59 |    61 |    56 |    27 |    11 |       |       |       |       ||   214
         Frozen Ramparts   |       |    10 |    23 |    52 |    57 |    61 |     9 |       |     2 ||   214
         Ozocubu's Armour  |       |     2 |    16 |    57 |    62 |    58 |    21 |     5 |    16 ||   237
         Summon Ice Beast  |       |     2 |     1 |     1 |    84 |    25 |    21 |    15 |    12 ||   161
         Jinxbite          |       |       |    10 |    36 |     8 |       |       |       |       ||    54
         Mercury Vapours   |       |       |       |    11 |    36 |     1 |       |       |       ||    48
         Summon Lightning  |       |       |       |       |    49 |    15 |     4 |     2 |     2 ||    72
         Permafrost Erupti |       |       |       |       |     6 |   245 |   317 |   349 |   409 ||  1326
         Hailstorm         |       |       |       |       |     3 |     3 |       |       |       ||     6
         Cause Fear        |       |       |       |       |     1 |       |       |       |       ||     1
         Sculpt Simulacrum |       |       |       |       |       |    16 |     1 |       |       ||    17
         Apportation       |       |       |       |       |       |     1 |     2 |     1 |    12 ||    16
         Vhi's Electric Ch |       |       |       |       |       |     1 |       |     4 |     5 ||    10
         Ozocubu's Refrige |       |       |       |       |       |       |    70 |   133 |   209 ||   412
         Lee's Rapid Decon |       |       |       |       |       |       |    47 |     7 |    49 ||   103
         Blink             |       |       |       |       |       |       |     1 |     3 |     5 ||     9
         Polar Vortex      |       |       |       |       |       |       |       |       |   475 ||   475
         Lesser Beckoning  |       |       |       |       |       |       |       |       |     9 ||     9
         Fugue of the Fall |       |       |       |       |       |       |       |       |     3 ||     3
 Invoke: Slouch            |       |       |       |     5 |     6 |     1 |     1 |    12 |    31 ||    56
         Bend Time         |       |       |       |     1 |     1 |       |       |       |       ||     2
         Temporal Distorti |       |       |       |       |     1 |     1 |       |       |     9 ||    11
         Step From Time    |       |       |       |       |       |     1 |       |       |     1 ||     2
Ability: Begin Untransform |       |       |       |       |       |       |       |       |     3 ||     3
         Siphon Essence    |       |       |       |       |       |       |       |       |     1 ||     1
  Evoke: Wand              |       |       |     4 |     3 |    17 |    15 |     9 |    14 |    67 ||   129
         Lightning rod     |       |       |       |       |       |     8 |     5 |     4 |     8 ||    25
         Condenser vane    |       |       |       |       |       |     1 |     2 |     2 |     2 ||     7
         Gell's gravitambo |       |       |       |       |       |       |       |     1 |     2 ||     3
         Horn of Geryon    |       |       |       |       |       |       |       |       |     3 ||     3
         Phantom mirror    |       |       |       |       |       |       |       |       |     2 ||     2
    Use: Scroll            |       |     5 |     5 |     6 |    11 |     4 |    24 |    10 |    38 ||   103
         Potion            |       |     3 |     1 |       |     1 |     4 |     1 |     7 |    17 ||    34
   Stab: Sleeping          |       |       |     1 |       |     7 |     2 |     4 |     2 |     4 ||    20
         Distracted        |       |       |       |       |     8 |     8 |     6 |     7 |    14 ||    43
         Petrifying        |       |       |       |       |     1 |       |       |       |       ||     1
         Invisible         |       |       |       |       |       |       |     1 |     2 |    14 ||    17
 Armour: Robe              |    19 |     1 |       |       |       |       |       |       |       ||    20
         Leather armour    |       |    38 |    94 |    86 |       |       |       |       |       ||   218
         Skin              |       |     5 |       |       |       |       |       |     2 |       ||     7
         Acid dragon scale |       |       |       |   109 |   211 |       |       |       |       ||   320
         Troll leather arm |       |       |       |       |    72 |   380 |   186 |    58 |       ||   696
         Fire dragon scale |       |       |       |       |       |       |       |   321 |   422 ||   743
         Ice dragon scales |       |       |       |       |       |       |       |       |   945 ||   945
  Dodge: Dodged            |    22 |    40 |    75 |   177 |   246 |   463 |   213 |   274 |  1090 ||  2600
  Block: Other             |     3 |    34 |    71 |    58 |       |       |       |       |       ||   166
         Reflection        |       |     1 |     5 |    14 |    32 |     3 |       |       |       ||    55
         Kite shield       |       |       |       |   386 |  1020 |   863 |   180 |       |       ||  2449
         Tower shield      |       |       |       |       |       |       |   737 |  1254 |  4525 ||  6516
   Form: Death             |       |       |       |       |       |       |       |       |     3 ||     3

Table legend: (Time is in decaauts)
 A = Elapsed time spent in this place.
 B = Non-inter-level travel time spent in this place.
 C = Inter-level travel time spent in this place.
 D = Time resting spent in this place.
 E = Time spent auto-exploring this place.
 F = Levels seen in this place.
 G = Mean time per level.
                   A        B        C        D        E       F      G
               +--------+--------+--------+--------+--------+-----+--------+
         Total | 129707 | 110826 |  18881 |   3851 |  70116 | 109 | 1190.0 |
       Dungeon |  26472 |  19852 |   6620 |   1048 |  13845 |  15 | 1764.8 |
        Temple |     67 |     38 |     29 |      0 |     24 |   1 |   67.0 |
          Lair |  12853 |  11289 |   1564 |    325 |   8478 |   5 | 2570.6 |
         Swamp |   5622 |   5197 |    425 |     38 |   4435 |   4 | 1405.5 |
   Spider Nest |   8188 |   7700 |    488 |    175 |   5310 |   4 | 2047.0 |
    Slime Pits |   1046 |    808 |    238 |    211 |    109 |   5 |  209.2 |
  Orcish Mines |   5241 |   3804 |   1437 |    239 |   2260 |   2 | 2620.5 |
   Elven Halls |   7261 |   6234 |   1027 |     78 |   5075 |   3 | 2420.3 |
        Vaults |  15487 |  13008 |   2479 |     68 |  10092 |   5 | 3097.4 |
         Crypt |   8832 |   7508 |   1324 |      0 |   5678 |   3 | 2944.0 |
          Tomb |   2100 |   1950 |    150 |     46 |    224 |   3 |  700.0 |
        Depths |  10177 |   8435 |   1742 |    244 |   5921 |   4 | 2544.2 |
          Hell |   1408 |   1195 |    213 |    199 |     60 |   1 | 1408.0 |
           Dis |   1832 |   1632 |    200 |     59 |    192 |   7 |  261.7 |
       Gehenna |   3390 |   3270 |    120 |    199 |   1346 |   7 |  484.3 |
       Cocytus |   2171 |   2094 |     77 |    439 |    100 |   7 |  310.1 |
      Tartarus |   1676 |   1520 |    156 |    122 |     55 |   7 |  239.4 |
           Zot |   6577 |   5992 |    585 |     26 |   4405 |   5 | 1315.4 |
         Abyss |   1350 |   1350 |      0 |      0 |      0 |   5 |  270.0 |
   Pandemonium |   6254 |   6254 |      0 |    186 |   1841 |  12 |  521.2 |
        Bazaar |     62 |     62 |      0 |      0 |     32 |   1 |   62.0 |
         Trove |    133 |    133 |      0 |      0 |     36 |   1 |  133.0 |
        Bailey |    378 |    378 |      0 |    142 |     51 |   1 |  378.0 |
      Ice Cave |   1122 |   1122 |      0 |      6 |    541 |   1 | 1122.0 |
               +--------+--------+--------+--------+--------+-----+--------+

Top non-repeatable levels by time:
   Orc:2: 3946 daAuts
  Lair:5: 3541 daAuts
 Crypt:3: 3533 daAuts
Depths:1: 3436 daAuts
Vaults:3: 3389 daAuts
Vaults:1: 3328 daAuts
    D:11: 3130 daAuts
  Lair:4: 3039 daAuts
Vaults:5: 3039 daAuts
Vaults:2: 2992 daAuts
   Elf:1: 2866 daAuts
 Crypt:1: 2864 daAuts
Vaults:4: 2737 daAuts
Spider:2: 2622 daAuts
    D:15: 2615 daAuts
